Workbook

Sheet Summary
A1: Agency: | B1: =IF($H1=1,C58,IF($H1=2,C59,IF($H1=3,C60,IF($H1=4,C61,IF($H1=5,C62,IF($H1=6,C63,IF($H1=7,C64,IF($H1="8A",C65,IF($H1="8B",C66,IF($H1="8C",C67,IF($H1="8D",C68,IF($H1="8E",C69,IF($H1=9,C70,IF($H1=10,C71,IF($H1=11,C72,IF($H1=12,C73,IF($H1=13,C74,IF($H1=14,C75,IF($H1=15,C76,IF($H1=16,C77,IF($H1="17/18",C78,IF($H1=19,C79,IF($H1=20,C80,IF($H1=21,C81,IF($H1=22,C82,"0"))))))))))))))))))))))))) -> 0 | G1: PSA #
A3: Projected Resources and Spending | C3: Title III-B | D3: Title III-C(1) | E3: Title III-C(2) | F3: Title III-D | G3: Title III-E | H3: Title VII - EA | I3: NSIP | J3: Title VII - OMB
A4: Estimated Unencumbered Cash on Hand on 10/1/26
A5: FY'27 Obligation | C5: =IF($H1=1,FEDERAL!B7,IF($H1=2,FEDERAL!B8,IF($H1=3,FEDERAL!B9,IF($H1=4,FEDERAL!B10,IF($H1=5,FEDERAL!B11,IF($H1=6,FEDERAL!B12,IF($H1=7,FEDERAL!B13,IF($H1="8A",FEDERAL!B14,IF($H1="8B",FEDERAL!B15,IF($H1="8C",FEDERAL!B16,IF($H1="8D",FEDERAL!B17,IF($H1="8E",FEDERAL!B18,IF($H1=9,FEDERAL!B19,IF($H1=10,FEDERAL!B20,IF($H1=11,FEDERAL!B21,IF($H1=12,FEDERAL!B22,IF($H1=13,FEDERAL!B23,IF($H1=14,FEDERAL!B24,IF($H1=15,FEDERAL!B25,IF($H1=16,FEDERAL!B26,IF($H1="17/18",FEDERAL!B27,IF($H1=19,FEDERAL!B28,IF($H1=20,FEDERAL!B29,IF($H1=21,FEDERAL!B30,IF($H1=22,FEDERAL!B31,"0"))))))))))))))))))))))))) -> 0 | D5: =IF($H1=1,FEDERAL!C7,IF($H1=2,FEDERAL!C8,IF($H1=3,FEDERAL!C9,IF($H1=4,FEDERAL!C10,IF($H1=5,FEDERAL!C11,IF($H1=6,FEDERAL!C12,IF($H1=7,FEDERAL!C13,IF($H1="8A",FEDERAL!C14,IF($H1="8B",FEDERAL!C15,IF($H1="8C",FEDERAL!C16,IF($H1="8D",FEDERAL!C17,IF($H1="8E",FEDERAL!C18,IF($H1=9,FEDERAL!C19,IF($H1=10,FEDERAL!C20,IF($H1=11,FEDERAL!C21,IF($H1=12,FEDERAL!C22,IF($H1=13,FEDERAL!C23,IF($H1=14,FEDERAL!C24,IF($H1=15,FEDERAL!C25,IF($H1=16,FEDERAL!C26,IF($H1="17/18",FEDERAL!C27,IF($H1=19,FEDERAL!C28,IF($H1=20,FEDERAL!C29,IF($H1=21,FEDERAL!C30,IF($H1=22,FEDERAL!C31,"0"))))))))))))))))))))))))) -> 0 | E5: =IF($H1=1,FEDERAL!D7,IF($H1=2,FEDERAL!D8,IF($H1=3,FEDERAL!D9,IF($H1=4,FEDERAL!D10,IF($H1=5,FEDERAL!D11,IF($H1=6,FEDERAL!D12,IF($H1=7,FEDERAL!D13,IF($H1="8A",FEDERAL!D14,IF($H1="8B",FEDERAL!D15,IF($H1="8C",FEDERAL!D16,IF($H1="8D",FEDERAL!D17,IF($H1="8E",FEDERAL!D18,IF($H1=9,FEDERAL!D19,IF($H1=10,FEDERAL!D20,IF($H1=11,FEDERAL!D21,IF($H1=12,FEDERAL!D22,IF($H1=13,FEDERAL!D23,IF($H1=14,FEDERAL!D24,IF($H1=15,FEDERAL!D25,IF($H1=16,FEDERAL!D26,IF($H1="17/18",FEDERAL!D27,IF($H1=19,FEDERAL!D28,IF($H1=20,FEDERAL!D29,IF($H1=21,FEDERAL!D30,IF($H1=22,FEDERAL!D31,"0"))))))))))))))))))))))))) -> 0 | F5: =IF($H1=1,FEDERAL!E7,IF($H1=2,FEDERAL!E8,IF($H1=3,FEDERAL!E9,IF($H1=4,FEDERAL!E10,IF($H1=5,FEDERAL!E11,IF($H1=6,FEDERAL!E12,IF($H1=7,FEDERAL!E13,IF($H1="8A",FEDERAL!E14,IF($H1="8B",FEDERAL!E15,IF($H1="8C",FEDERAL!E16,IF($H1="8D",FEDERAL!E17,IF($H1="8E",FEDERAL!E18,IF($H1=9,FEDERAL!E19,IF($H1=10,FEDERAL!E20,IF($H1=11,FEDERAL!E21,IF($H1=12,FEDERAL!E22,IF($H1=13,FEDERAL!E23,IF($H1=14,FEDERAL!E24,IF($H1=15,FEDERAL!E25,IF($H1=16,FEDERAL!E26,IF($H1="17/18",FEDERAL!E27,IF($H1=19,FEDERAL!E28,IF($H1=20,FEDERAL!E29,IF($H1=21,FEDERAL!E30,IF($H1=22,FEDERAL!E31,"0"))))))))))))))))))))))))) -> 0 | G5: =IF($H1=1,FEDERAL!F7,IF($H1=2,FEDERAL!F8,IF($H1=3,FEDERAL!F9,IF($H1=4,FEDERAL!F10,IF($H1=5,FEDERAL!F11,IF($H1=6,FEDERAL!F12,IF($H1=7,FEDERAL!F13,IF($H1="8A",FEDERAL!F14,IF($H1="8B",FEDERAL!F15,IF($H1="8C",FEDERAL!F16,IF($H1="8D",FEDERAL!F17,IF($H1="8E",FEDERAL!F18,IF($H1=9,FEDERAL!F19,IF($H1=10,FEDERAL!F20,IF($H1=11,FEDERAL!F21,IF($H1=12,FEDERAL!F22,IF($H1=13,FEDERAL!F23,IF($H1=14,FEDERAL!F24,IF($H1=15,FEDERAL!F25,IF($H1=16,FEDERAL!F26,IF($H1="17/18",FEDERAL!F27,IF($H1=19,FEDERAL!F28,IF($H1=20,FEDERAL!F29,IF($H1=21,FEDERAL!F30,IF($H1=22,FEDERAL!F31,"0"))))))))))))))))))))))))) -> 0 | H5: =IF($H1=1,FEDERAL!G7,IF($H1=2,FEDERAL!G8,IF($H1=3,FEDERAL!G9,IF($H1=4,FEDERAL!G10,IF($H1=5,FEDERAL!G11,IF($H1=6,FEDERAL!G12,IF($H1=7,FEDERAL!G13,IF($H1="8A",FEDERAL!G14,IF($H1="8B",FEDERAL!G15,IF($H1="8C",FEDERAL!G16,IF($H1="8D",FEDERAL!G17,IF($H1="8E",FEDERAL!G18,IF($H1=9,FEDERAL!G19,IF($H1=10,FEDERAL!G20,IF($H1=11,FEDERAL!G21,IF($H1=12,FEDERAL!G22,IF($H1=13,FEDERAL!G23,IF($H1=14,FEDERAL!G24,IF($H1=15,FEDERAL!G25,IF($H1=16,FEDERAL!G26,IF($H1="17/18",FEDERAL!G27,IF($H1=19,FEDERAL!G28,IF($H1=20,FEDERAL!G29,IF($H1=21,FEDERAL!G30,IF($H1=22,FEDERAL!G31,"0"))))))))))))))))))))))))) -> 0 | I5: =IF($H1=1,NSIP!E7,IF($H1=2,NSIP!E8,IF($H1=3,NSIP!E9,IF($H1=4,NSIP!E10,IF($H1=5,NSIP!E11,IF($H1=6,NSIP!E12,IF($H1=7,NSIP!E13,IF($H1="8A",NSIP!E14,IF($H1="8B",NSIP!E15,IF($H1="8C",NSIP!E16,IF($H1="8D",NSIP!E17,IF($H1="8E",NSIP!E18,IF($H1=9,NSIP!E19,IF($H1=10,NSIP!E20,IF($H1=11,NSIP!E21,IF($H1=12,NSIP!E22,IF($H1=13,NSIP!E23,IF($H1=14,NSIP!E24,IF($H1=15,NSIP!E25,IF($H1=16,NSIP!E26,IF($H1="17/18",NSIP!E27,IF($H1=19,NSIP!E28,IF($H1=20,NSIP!E29,IF($H1=21,NSIP!E30,IF($H1=22,NSIP!E31,"0"))))))))))))))))))))))))) -> 0 | J5: =IF($H1=1,FEDERAL!H7,IF($H1=2,FEDERAL!H8,IF($H1=3,FEDERAL!H9,IF($H1=4,FEDERAL!H10,IF($H1=5,FEDERAL!H11,IF($H1=6,FEDERAL!H12,IF($H1=7,FEDERAL!H13,IF($H1="8A",FEDERAL!H14,IF($H1="8B",FEDERAL!H15,IF($H1="8C",FEDERAL!H16,IF($H1="8D",FEDERAL!H17,IF($H1="8E",FEDERAL!H18,IF($H1=9,FEDERAL!H19,IF($H1=10,FEDERAL!H20,IF($H1=11,FEDERAL!H21,IF($H1=12,FEDERAL!H22,IF($H1=13,FEDERAL!H23,IF($H1=14,FEDERAL!H24,IF($H1=15,FEDERAL!H25,IF($H1=16,FEDERAL!H26,IF($H1="17/18",FEDERAL!H27,IF($H1=19,FEDERAL!H28,IF($H1=20,FEDERAL!H29,IF($H1=21,FEDERAL!H30,IF($H1=22,FEDERAL!H31,"0"))))))))))))))))))))))))) -> 0
A6: FY'27 Transfers
A7: Total Resources | C7: =C4+C5+C6 -> 0 | D7: =D4+D5+D6 -> 0 | E7: =E4+E5+E6 -> 0 | F7: =F4+F5 -> 0 | G7: =G4+G5 -> 0 | H7: =H4+H5 -> 0 | I7: =I4+I5 -> 0 | J7: =J4+J5 -> 0
A8: Total Proposed Spending FY'27 | C8: ='Title III'!AN6 -> 0 | D8: ='Title III'!AN7 -> 0 | E8: ='Title III'!AN8 -> 0 | F8: ='Title III'!AN9 -> 0 | G8: ='III-E Grandparents'!AE6 -> 0 | H8: ='Title III'!AN11 -> 0 | I8: ='Title III'!AN19+'III-E Grandparents'!AE13 -> 0 | J8: ='Title III'!AN10 -> 0
A9: Proposed Carryover into FY'28 | C9: =C7-C8 -> 0 | D9: =D7-D8 -> 0 | E9: =E7-E8 -> 0 | F9: =F7-F8 -> 0 | G9: =G7-G8 -> 0 | H9: =H7-H8 -> 0 | I9: =I7-I8 -> 0 | J9: =J7-J8 -> 0
A11: Projected Resources and Spending | C11: OAA General | D11: Community Based | E11: Transportation | F11: Home Delivered Meals | G11: Supplemental Nutrition | H11: CCEVP | I11: GF OMB
A12: Estimated Unencumbered Cash on Hand on 10/1/26
A13: FY'27 Obligation (Oct 1, 2026 - Jun 30, 2027) | C13: =IF($H1=1,'GENERAL 3-4'!B7,IF($H1=2,'GENERAL 3-4'!B8,IF($H1=3,'GENERAL 3-4'!B9,IF($H1=4,'GENERAL 3-4'!B10,IF($H1=5,'GENERAL 3-4'!B11,IF($H1=6,'GENERAL 3-4'!B12,IF($H1=7,'GENERAL 3-4'!B13,IF($H1="8A",'GENERAL 3-4'!B14,IF($H1="8B",'GENERAL 3-4'!B15,IF($H1="8C",'GENERAL 3-4'!B16,IF($H1="8D",'GENERAL 3-4'!B17,IF($H1="8E",'GENERAL 3-4'!B18,IF($H1=9,'GENERAL 3-4'!B19,IF($H1=10,'GENERAL 3-4'!B20,IF($H1=11,'GENERAL 3-4'!B21,IF($H1=12,'GENERAL 3-4'!B22,IF($H1=13,'GENERAL 3-4'!B23,IF($H1=14,'GENERAL 3-4'!B24,IF($H1=15,'GENERAL 3-4'!B25,IF($H1=16,'GENERAL 3-4'!B26,IF($H1="17/18",'GENERAL 3-4'!B27,IF($H1=19,'GENERAL 3-4'!B28,IF($H1=20,'GENERAL 3-4'!B29,IF($H1=21,'GENERAL 3-4'!B30,IF($H1=22,'GENERAL 3-4'!B31,"0"))))))))))))))))))))))))) -> 0 | D13: =IF($H1=1,'GENERAL 3-4'!C7,IF($H1=2,'GENERAL 3-4'!C8,IF($H1=3,'GENERAL 3-4'!C9,IF($H1=4,'GENERAL 3-4'!C10,IF($H1=5,'GENERAL 3-4'!C11,IF($H1=6,'GENERAL 3-4'!C12,IF($H1=7,'GENERAL 3-4'!C13,IF($H1="8A",'GENERAL 3-4'!C14,IF($H1="8B",'GENERAL 3-4'!C15,IF($H1="8C",'GENERAL 3-4'!C16,IF($H1="8D",'GENERAL 3-4'!C17,IF($H1="8E",'GENERAL 3-4'!C18,IF($H1=9,'GENERAL 3-4'!C19,IF($H1=10,'GENERAL 3-4'!C20,IF($H1=11,'GENERAL 3-4'!C21,IF($H1=12,'GENERAL 3-4'!C22,IF($H1=13,'GENERAL 3-4'!C23,IF($H1=14,'GENERAL 3-4'!C24,IF($H1=15,'GENERAL 3-4'!C25,IF($H1=16,'GENERAL 3-4'!C26,IF($H1="17/18",'GENERAL 3-4'!C27,IF($H1=19,'GENERAL 3-4'!C28,IF($H1=20,'GENERAL 3-4'!C29,IF($H1=21,'GENERAL 3-4'!C30,IF($H1=22,'GENERAL 3-4'!C31,"0"))))))))))))))))))))))))) -> 0 | E13: =IF($H1=1,'GENERAL 3-4'!D7,IF($H1=2,'GENERAL 3-4'!D8,IF($H1=3,'GENERAL 3-4'!D9,IF($H1=4,'GENERAL 3-4'!D10,IF($H1=5,'GENERAL 3-4'!D11,IF($H1=6,'GENERAL 3-4'!D12,IF($H1=7,'GENERAL 3-4'!D13,IF($H1="8A",'GENERAL 3-4'!D14,IF($H1="8B",'GENERAL 3-4'!D15,IF($H1="8C",'GENERAL 3-4'!D16,IF($H1="8D",'GENERAL 3-4'!D17,IF($H1="8E",'GENERAL 3-4'!D18,IF($H1=9,'GENERAL 3-4'!D19,IF($H1=10,'GENERAL 3-4'!D20,IF($H1=11,'GENERAL 3-4'!D21,IF($H1=12,'GENERAL 3-4'!D22,IF($H1=13,'GENERAL 3-4'!D23,IF($H1=14,'GENERAL 3-4'!D24,IF($H1=15,'GENERAL 3-4'!D25,IF($H1=16,'GENERAL 3-4'!D26,IF($H1="17/18",'GENERAL 3-4'!D27,IF($H1=19,'GENERAL 3-4'!D28,IF($H1=20,'GENERAL 3-4'!D29,IF($H1=21,'GENERAL 3-4'!D30,IF($H1=22,'GENERAL 3-4'!D31,"0"))))))))))))))))))))))))) -> 0 | F13: =IF($H1=1,'GENERAL 3-4'!E7,IF($H1=2,'GENERAL 3-4'!E8,IF($H1=3,'GENERAL 3-4'!E9,IF($H1=4,'GENERAL 3-4'!E10,IF($H1=5,'GENERAL 3-4'!E11,IF($H1=6,'GENERAL 3-4'!E12,IF($H1=7,'GENERAL 3-4'!E13,IF($H1="8A",'GENERAL 3-4'!E14,IF($H1="8B",'GENERAL 3-4'!E15,IF($H1="8C",'GENERAL 3-4'!E16,IF($H1="8D",'GENERAL 3-4'!E17,IF($H1="8E",'GENERAL 3-4'!E18,IF($H1=9,'GENERAL 3-4'!E19,IF($H1=10,'GENERAL 3-4'!E20,IF($H1=11,'GENERAL 3-4'!E21,IF($H1=12,'GENERAL 3-4'!E22,IF($H1=13,'GENERAL 3-4'!E23,IF($H1=14,'GENERAL 3-4'!E24,IF($H1=15,'GENERAL 3-4'!E25,IF($H1=16,'GENERAL 3-4'!E26,IF($H1="17/18",'GENERAL 3-4'!E27,IF($H1=19,'GENERAL 3-4'!E28,IF($H1=20,'GENERAL 3-4'!E29,IF($H1=21,'GENERAL 3-4'!E30,IF($H1=22,'GENERAL 3-4'!E31,"0"))))))))))))))))))))))))) -> 0 | G13: =IF($H1=1,'GENERAL 3-4'!F7,IF($H1=2,'GENERAL 3-4'!F8,IF($H1=3,'GENERAL 3-4'!F9,IF($H1=4,'GENERAL 3-4'!F10,IF($H1=5,'GENERAL 3-4'!F11,IF($H1=6,'GENERAL 3-4'!F12,IF($H1=7,'GENERAL 3-4'!F13,IF($H1="8A",'GENERAL 3-4'!F14,IF($H1="8B",'GENERAL 3-4'!F15,IF($H1="8C",'GENERAL 3-4'!F16,IF($H1="8D",'GENERAL 3-4'!F17,IF($H1="8E",'GENERAL 3-4'!F18,IF($H1=9,'GENERAL 3-4'!F19,IF($H1=10,'GENERAL 3-4'!F20,IF($H1=11,'GENERAL 3-4'!F21,IF($H1=12,'GENERAL 3-4'!F22,IF($H1=13,'GENERAL 3-4'!F23,IF($H1=14,'GENERAL 3-4'!F24,IF($H1=15,'GENERAL 3-4'!F25,IF($H1=16,'GENERAL 3-4'!F26,IF($H1="17/18",'GENERAL 3-4'!F27,IF($H1=19,'GENERAL 3-4'!F28,IF($H1=20,'GENERAL 3-4'!F29,IF($H1=21,'GENERAL 3-4'!F30,IF($H1=22,'GENERAL 3-4'!F31,"0"))))))))))))))))))))))))) -> 0 | H13: =IF($H1=1,'GENERAL 3-4'!G7,IF($H1=2,'GENERAL 3-4'!G8,IF($H1=3,'GENERAL 3-4'!G9,IF($H1=4,'GENERAL 3-4'!G10,IF($H1=5,'GENERAL 3-4'!G11,IF($H1=6,'GENERAL 3-4'!G12,IF($H1=7,'GENERAL 3-4'!G13,IF($H1="8A",'GENERAL 3-4'!G14,IF($H1="8B",'GENERAL 3-4'!G15,IF($H1="8C",'GENERAL 3-4'!G16,IF($H1="8D",'GENERAL 3-4'!G17,IF($H1="8E",'GENERAL 3-4'!G18,IF($H1=9,'GENERAL 3-4'!G19,IF($H1=10,'GENERAL 3-4'!G20,IF($H1=11,'GENERAL 3-4'!G21,IF($H1=12,'GENERAL 3-4'!G22,IF($H1=13,'GENERAL 3-4'!G23,IF($H1=14,'GENERAL 3-4'!G24,IF($H1=15,'GENERAL 3-4'!G25,IF($H1=16,'GENERAL 3-4'!G26,IF($H1="17/18",'GENERAL 3-4'!G27,IF($H1=19,'GENERAL 3-4'!G28,IF($H1=20,'GENERAL 3-4'!G29,IF($H1=21,'GENERAL 3-4'!G30,IF($H1=22,'GENERAL 3-4'!G31,"0"))))))))))))))))))))))))) -> 0 | I13: =IF($H1=1,'GENERAL 3-4'!H7,IF($H1=2,'GENERAL 3-4'!H8,IF($H1=3,'GENERAL 3-4'!H9,IF($H1=4,'GENERAL 3-4'!H10,IF($H1=5,'GENERAL 3-4'!H11,IF($H1=6,'GENERAL 3-4'!H12,IF($H1=7,'GENERAL 3-4'!H13,IF($H1="8A",'GENERAL 3-4'!H14,IF($H1="8B",'GENERAL 3-4'!H15,IF($H1="8C",'GENERAL 3-4'!H16,IF($H1="8D",'GENERAL 3-4'!H17,IF($H1="8E",'GENERAL 3-4'!H18,IF($H1=9,'GENERAL 3-4'!H19,IF($H1=10,'GENERAL 3-4'!H20,IF($H1=11,'GENERAL 3-4'!H21,IF($H1=12,'GENERAL 3-4'!H22,IF($H1=13,'GENERAL 3-4'!H23,IF($H1=14,'GENERAL 3-4'!H24,IF($H1=15,'GENERAL 3-4'!H25,IF($H1=16,'GENERAL 3-4'!H26,IF($H1="17/18",'GENERAL 3-4'!H27,IF($H1=19,'GENERAL 3-4'!H28,IF($H1=20,'GENERAL 3-4'!H29,IF($H1=21,'GENERAL 3-4'!H30,IF($H1=22,'GENERAL 3-4'!H31,"0"))))))))))))))))))))))))) -> 0
A14: FY'27 Transfers (Oct 1, 2026 - Jun 30, 2027)
A15: FY'28 Obligation (Jul 1, 2027 - Sep 30, 2027) | C15: =IF($H1=1,'GENERAL 1-4'!B7,IF($H1=2,'GENERAL 1-4'!B8,IF($H1=3,'GENERAL 1-4'!B9,IF($H1=4,'GENERAL 1-4'!B10,IF($H1=5,'GENERAL 1-4'!B11,IF($H1=6,'GENERAL 1-4'!B12,IF($H1=7,'GENERAL 1-4'!B13,IF($H1="8A",'GENERAL 1-4'!B14,IF($H1="8B",'GENERAL 1-4'!B15,IF($H1="8C",'GENERAL 1-4'!B16,IF($H1="8D",'GENERAL 1-4'!B17,IF($H1="8E",'GENERAL 1-4'!B18,IF($H1=9,'GENERAL 1-4'!B19,IF($H1=10,'GENERAL 1-4'!B20,IF($H1=11,'GENERAL 1-4'!B21,IF($H1=12,'GENERAL 1-4'!B22,IF($H1=13,'GENERAL 1-4'!B23,IF($H1=14,'GENERAL 1-4'!B24,IF($H1=15,'GENERAL 1-4'!B25,IF($H1=16,'GENERAL 1-4'!B26,IF($H1="17/18",'GENERAL 1-4'!B27,IF($H1=19,'GENERAL 1-4'!B28,IF($H1=20,'GENERAL 1-4'!B29,IF($H1=21,'GENERAL 1-4'!B30,IF($H1=22,'GENERAL 1-4'!B31,"0"))))))))))))))))))))))))) -> 0 | D15: =IF($H1=1,'GENERAL 1-4'!C7,IF($H1=2,'GENERAL 1-4'!C8,IF($H1=3,'GENERAL 1-4'!C9,IF($H1=4,'GENERAL 1-4'!C10,IF($H1=5,'GENERAL 1-4'!C11,IF($H1=6,'GENERAL 1-4'!C12,IF($H1=7,'GENERAL 1-4'!C13,IF($H1="8A",'GENERAL 1-4'!C14,IF($H1="8B",'GENERAL 1-4'!C15,IF($H1="8C",'GENERAL 1-4'!C16,IF($H1="8D",'GENERAL 1-4'!C17,IF($H1="8E",'GENERAL 1-4'!C18,IF($H1=9,'GENERAL 1-4'!C19,IF($H1=10,'GENERAL 1-4'!C20,IF($H1=11,'GENERAL 1-4'!C21,IF($H1=12,'GENERAL 1-4'!C22,IF($H1=13,'GENERAL 1-4'!C23,IF($H1=14,'GENERAL 1-4'!C24,IF($H1=15,'GENERAL 1-4'!C25,IF($H1=16,'GENERAL 1-4'!C26,IF($H1="17/18",'GENERAL 1-4'!C27,IF($H1=19,'GENERAL 1-4'!C28,IF($H1=20,'GENERAL 1-4'!C29,IF($H1=21,'GENERAL 1-4'!C30,IF($H1=22,'GENERAL 1-4'!C31,"0"))))))))))))))))))))))))) -> 0 | E15: =IF($H1=1,'GENERAL 1-4'!D7,IF($H1=2,'GENERAL 1-4'!D8,IF($H1=3,'GENERAL 1-4'!D9,IF($H1=4,'GENERAL 1-4'!D10,IF($H1=5,'GENERAL 1-4'!D11,IF($H1=6,'GENERAL 1-4'!D12,IF($H1=7,'GENERAL 1-4'!D13,IF($H1="8A",'GENERAL 1-4'!D14,IF($H1="8B",'GENERAL 1-4'!D15,IF($H1="8C",'GENERAL 1-4'!D16,IF($H1="8D",'GENERAL 1-4'!D17,IF($H1="8E",'GENERAL 1-4'!D18,IF($H1=9,'GENERAL 1-4'!D19,IF($H1=10,'GENERAL 1-4'!D20,IF($H1=11,'GENERAL 1-4'!D21,IF($H1=12,'GENERAL 1-4'!D22,IF($H1=13,'GENERAL 1-4'!D23,IF($H1=14,'GENERAL 1-4'!D24,IF($H1=15,'GENERAL 1-4'!D25,IF($H1=16,'GENERAL 1-4'!D26,IF($H1="17/18",'GENERAL 1-4'!D27,IF($H1=19,'GENERAL 1-4'!D28,IF($H1=20,'GENERAL 1-4'!D29,IF($H1=21,'GENERAL 1-4'!D30,IF($H1=22,'GENERAL 1-4'!D31,"0"))))))))))))))))))))))))) -> 0 | F15: =IF($H1=1,'GENERAL 1-4'!E7,IF($H1=2,'GENERAL 1-4'!E8,IF($H1=3,'GENERAL 1-4'!E9,IF($H1=4,'GENERAL 1-4'!E10,IF($H1=5,'GENERAL 1-4'!E11,IF($H1=6,'GENERAL 1-4'!E12,IF($H1=7,'GENERAL 1-4'!E13,IF($H1="8A",'GENERAL 1-4'!E14,IF($H1="8B",'GENERAL 1-4'!E15,IF($H1="8C",'GENERAL 1-4'!E16,IF($H1="8D",'GENERAL 1-4'!E17,IF($H1="8E",'GENERAL 1-4'!E18,IF($H1=9,'GENERAL 1-4'!E19,IF($H1=10,'GENERAL 1-4'!E20,IF($H1=11,'GENERAL 1-4'!E21,IF($H1=12,'GENERAL 1-4'!E22,IF($H1=13,'GENERAL 1-4'!E23,IF($H1=14,'GENERAL 1-4'!E24,IF($H1=15,'GENERAL 1-4'!E25,IF($H1=16,'GENERAL 1-4'!E26,IF($H1="17/18",'GENERAL 1-4'!E27,IF($H1=19,'GENERAL 1-4'!E28,IF($H1=20,'GENERAL 1-4'!E29,IF($H1=21,'GENERAL 1-4'!E30,IF($H1=22,'GENERAL 1-4'!E31,"0"))))))))))))))))))))))))) -> 0 | G15: =IF($H1=1,'GENERAL 1-4'!F7,IF($H1=2,'GENERAL 1-4'!F8,IF($H1=3,'GENERAL 1-4'!F9,IF($H1=4,'GENERAL 1-4'!F10,IF($H1=5,'GENERAL 1-4'!F11,IF($H1=6,'GENERAL 1-4'!F12,IF($H1=7,'GENERAL 1-4'!F13,IF($H1="8A",'GENERAL 1-4'!F14,IF($H1="8B",'GENERAL 1-4'!F15,IF($H1="8C",'GENERAL 1-4'!F16,IF($H1="8D",'GENERAL 1-4'!F17,IF($H1="8E",'GENERAL 1-4'!F18,IF($H1=9,'GENERAL 1-4'!F19,IF($H1=10,'GENERAL 1-4'!F20,IF($H1=11,'GENERAL 1-4'!F21,IF($H1=12,'GENERAL 1-4'!F22,IF($H1=13,'GENERAL 1-4'!F23,IF($H1=14,'GENERAL 1-4'!F24,IF($H1=15,'GENERAL 1-4'!F25,IF($H1=16,'GENERAL 1-4'!F26,IF($H1="17/18",'GENERAL 1-4'!F27,IF($H1=19,'GENERAL 1-4'!F28,IF($H1=20,'GENERAL 1-4'!F29,IF($H1=21,'GENERAL 1-4'!F30,IF($H1=22,'GENERAL 1-4'!F31,"0"))))))))))))))))))))))))) -> 0 | H15: =IF($H1=1,'GENERAL 1-4'!G7,IF($H1=2,'GENERAL 1-4'!G8,IF($H1=3,'GENERAL 1-4'!G9,IF($H1=4,'GENERAL 1-4'!G10,IF($H1=5,'GENERAL 1-4'!G11,IF($H1=6,'GENERAL 1-4'!G12,IF($H1=7,'GENERAL 1-4'!G13,IF($H1="8A",'GENERAL 1-4'!G14,IF($H1="8B",'GENERAL 1-4'!G15,IF($H1="8C",'GENERAL 1-4'!G16,IF($H1="8D",'GENERAL 1-4'!G17,IF($H1="8E",'GENERAL 1-4'!G18,IF($H1=9,'GENERAL 1-4'!G19,IF($H1=10,'GENERAL 1-4'!G20,IF($H1=11,'GENERAL 1-4'!G21,IF($H1=12,'GENERAL 1-4'!G22,IF($H1=13,'GENERAL 1-4'!G23,IF($H1=14,'GENERAL 1-4'!G24,IF($H1=15,'GENERAL 1-4'!G25,IF($H1=16,'GENERAL 1-4'!G26,IF($H1="17/18",'GENERAL 1-4'!G27,IF($H1=19,'GENERAL 1-4'!G28,IF($H1=20,'GENERAL 1-4'!G29,IF($H1=21,'GENERAL 1-4'!G30,IF($H1=22,'GENERAL 1-4'!G31,"0"))))))))))))))))))))))))) -> 0 | I15: =IF($H1=1,'GENERAL 1-4'!H7,IF($H1=2,'GENERAL 1-4'!H8,IF($H1=3,'GENERAL 1-4'!H9,IF($H1=4,'GENERAL 1-4'!H10,IF($H1=5,'GENERAL 1-4'!H11,IF($H1=6,'GENERAL 1-4'!H12,IF($H1=7,'GENERAL 1-4'!H13,IF($H1="8A",'GENERAL 1-4'!H14,IF($H1="8B",'GENERAL 1-4'!H15,IF($H1="8C",'GENERAL 1-4'!H16,IF($H1="8D",'GENERAL 1-4'!H17,IF($H1="8E",'GENERAL 1-4'!H18,IF($H1=9,'GENERAL 1-4'!H19,IF($H1=10,'GENERAL 1-4'!H20,IF($H1=11,'GENERAL 1-4'!H21,IF($H1=12,'GENERAL 1-4'!H22,IF($H1=13,'GENERAL 1-4'!H23,IF($H1=14,'GENERAL 1-4'!H24,IF($H1=15,'GENERAL 1-4'!H25,IF($H1=16,'GENERAL 1-4'!H26,IF($H1="17/18",'GENERAL 1-4'!H27,IF($H1=19,'GENERAL 1-4'!H28,IF($H1=20,'GENERAL 1-4'!H29,IF($H1=21,'GENERAL 1-4'!H30,IF($H1=22,'GENERAL 1-4'!H31,"0"))))))))))))))))))))))))) -> 0
A16: FY'28 Transfers (Jul 1, 2027 - Sep 30, 2027)
A17: Total Resources | C17: =C12+C13+C15 -> 0 | D17: =D12+D13+D14+D15+D16 -> 0 | E17: =E12+E13+E14+E15+E16 -> 0 | F17: =F12+F13+F14+F15+F16 -> 0 | G17: =G12+G13+G15 -> 0 | H17: =H12+H13+H15 -> 0 | I17: =I12+I13+I15 -> 0
A18: Total Proposed Spending FY'27* | C18: ='Title III'!AN21+'Title III'!AN28+'III-E Grandparents'!AE15+'III-E Grandparents'!AE20 -> 0 | D18: ='Title III'!AN22+'III-E Grandparents'!AE16+Respite!H18 -> 0 | E18: ='Title III'!AN23+'III-E Grandparents'!AE17 -> 0 | F18: ='Title III'!AN24+'III-E Grandparents'!AE18 -> 0 | G18: ='Title III'!AN25+'III-E Grandparents'!AE19 -> 0 | H18: ='Title III'!AN26+'Title III'!I29+'Title III'!K29 -> 0 | I18: ='Title III'!AN27 -> 0
A19: Balance prior to Reallocation of Undesignated Funds | C19: =C17-C18 -> 0 | D19: =D17-D18 -> 0 | E19: =E17-E18 -> 0 | F19: =F17-F18 -> 0 | G19: =G17-G18 -> 0 | H19: =H17-H18 -> 0 | I19: =I17-I18 -> 0
A20: Reallocation Requested of Undesignated Funds **
A21: Proposed Carryover into FY'28 | C21: =C19+C20 -> 0 | D21: =D19+D20 -> 0 | E21: =E19+E20 -> 0 | F21: =F19+F20 -> 0 | G21: =G19+G20 -> 0 | H21: =H19+H20 -> 0 | I21: =I19+I20 -> 0
A23: Projected Resources and Spending | C23: DMAS OMB | E23: • The allocation of “Undesignated Funds” must be done during the initial budget period at the beginning of the area plan year. • Federal regulations prohibit the movement of Title III-D & E funds, which also restrict the movement of matching state funds. • CCEVP and Ombudsman funds are restricted as well. You cannot reallocate funds from CCEVP or Ombudsman, however you may add undesignated funds to any service. • *All undesignated funds budgeted for a service will be added to the "OAA General" funding source. In the event that "OAA General" is not an available funding source for that service, then the funds will be added to "CCEVP". • **If you are moving Undesignated funds from funding source "OAA General" to "Undesignated OAA General" then a reallocation of funds will not be necessary. The balances that are shown on this line represent amounts that are moving from different funding sources.
A24: Estimated Unencumbered Cash on Hand on 10/1/26
A25: FY'27 Obligation | C25: =IF($H1=1,'DMAS OMB'!D7,IF($H1=2,'DMAS OMB'!D8,IF($H1=3,'DMAS OMB'!D9,IF($H1=4,'DMAS OMB'!D10,IF($H1=5,'DMAS OMB'!D11,IF($H1=6,'DMAS OMB'!D12,IF($H1=7,'DMAS OMB'!D13,IF($H1="8A",'DMAS OMB'!D14,IF($H1="8B",'DMAS OMB'!D15,IF($H1="8C",'DMAS OMB'!D16,IF($H1="8D",'DMAS OMB'!D17,IF($H1="8E",'DMAS OMB'!D18,IF($H1=9,'DMAS OMB'!D19,IF($H1=10,'DMAS OMB'!D20,IF($H1=11,'DMAS OMB'!D21,IF($H1=12,'DMAS OMB'!D22,IF($H1=13,'DMAS OMB'!D23,IF($H1=14,'DMAS OMB'!D24,IF($H1=15,'DMAS OMB'!D25,IF($H1=16,'DMAS OMB'!D26,IF($H1="17/18",'DMAS OMB'!D27,IF($H1=19,'DMAS OMB'!D28,IF($H1=20,'DMAS OMB'!D29,IF($H1=21,'DMAS OMB'!D30,IF($H1=22,'DMAS OMB'!D31,"0"))))))))))))))))))))))))) -> 0
A26: Total Resources | C26: =C24+C25 -> 0
A27: Total Proposed Spending FY'27 | C27: ='Title III'!AN17 -> 0
A28: Proposed Carryover into FY'28 | C28: =C26-C27 -> 0
A30: Revised 7/13/2026
A31: The allocations are estimations and projections made using the information from the current award documents. The funds are based on the best data available and used to forecast the future year budget and resource allocation.
F54: 2019 IIIB OMB Expenses
E55: January | F55: 0 | G55: 1
E56: February | F56: 0 | G56: 2
E57: March | F57: 11936.68 | G57: 3
A58: 1 | C58: Mountain Empire Older Citizens, Inc. | E58: April | F58: 18952 | G58: 4
A59: 2 | C59: Appalachian Agency for Senior Citizens, Inc. | E59: May | F59: 29268.78 | G59: 5
A60: 3 | C60: District Three Governmental Cooperative | E60: June | F60: 826 | G60: 6
A61: 4 | C61: New River Valley Area Agency on Aging | E61: July | F61: 16133 | G61: 7
A62: 5 | C62: LOA Area Agency on Aging, Inc. | E62: August | F62: 0 | G62: 8A
A63: 6 | C63: Valley Program for Aging Services, Inc. | E63: September | F63: 0 | G63: 8B
A64: 7 | C64: Shenandoah Area Agency on Aging, Inc. | E64: October | F64: 0 | G64: 8C
A65: 8A | C65: City of Alexandria | E65: November | F65: 0 | G65: 8D
A66: 8B | C66: Arlington County | E66: December | F66: 0 | G66: 8E
A67: 8C | C67: Fairfax County | E67: Final (13th Mo) | F67: 0 | G67: 9
A68: 8D | C68: Loudoun County | F68: 8000 | G68: 10
A69: 8E | C69: Prince William County | F69: 4462 | G69: 11
A70: 9 | C70: Rappahannock-Rapidan Community Services Board | F70: 99728 | G70: 12
A71: 10 | C71: Jefferson Area Board for Aging | F71: 0 | G71: 13
A72: 11 | C72: Central Virginia Alliance for Community Living, Inc. | F72: 951 | G72: 14
A73: 12 | C73: Southern Area Agency on Aging, Inc. | F73: 31349 | G73: 15
A74: 13 | C74: Lake Country Area Agency on Aging | F74: 7500 | G74: 16
A75: 14 | C75: Piedmont Senior Resources Area Agency on Aging, Inc. | F75: 0 | G75: 17/18
A76: 15 | C76: Senior Connections - Capital Area Agency on Aging, Inc. | F76: 65000 | G76: 19
A77: 16 | C77: Rappahannock Area Agency on Aging, Inc. | F77: 0 | G77: 20
A78: 17/18 | C78: Bay Aging | F78: 0 | G78: 21
A79: 19 | C79: Crater District Area Agency on Aging | F79: 0 | G79: 22
A80: 20 | C80: Southeastern Virginia Areawide Model Program, Inc. | F80: =SUM(F55:F79) -> 294106.46
A81: 21 | C81: Peninsula Agency on Aging, Inc.
A82: 22 | C82: Eastern Shore Area Agency on Aging/CAA, Inc.

Sheet Requirements
A1: Agency: | B1: =Summary!B1 -> 0 | E1: PSA: | F1: =Summary!H1 -> 0
A3: Requirement | D3: Agency Status | F3: Requirement | G3: Agency Status
A4: Minimum Adequate Proportion | F4: Title III-E
A5: Access (minimum 15%) | C5: =IF('Title III'!AN6=0," ",SUM('Title III'!H6:O6)) | D5: =IF('Title III'!AN6=0," ",SUM('Title III'!H6:O6)/'Title III'!AN6) | F5: Prep & Admin Spending (10% or less) | G5: =IF(('Title III-E'!AC6)=0," ",('Title III-E'!AC6)/('III-E Grandparents'!AE6))
A6: In-Home (minimum 5%) | C6: =IF('Title III'!AN6=0," ",SUM('Title III'!C6:G6)) | D6: =IF('Title III'!AN6=0," ",SUM('Title III'!C6:G6)/'Title III'!AN6) | F6: Prep & Admin Federal Share (75% or less) | G6: =IF('Title III-E'!AC6=0," ",'Title III-E'!AC6/('Title III-E'!AC21+'Title III-E'!AC22-'Title III-E'!AC12))
A7: Legal (minimum 1%) | C7: =IF('Title III'!AN6=0," ",'Title III'!AJ6) | D7: =IF('Title III'!AN6=0," ",'Title III'!AJ6/'Title III'!AN6) | F7: Services Federal Share (75% or less) | G7: =IF('III-E Grandparents'!AE6=0," ",('III-E Grandparents'!AE6-'Title III-E'!AC6)/('III-E Grandparents'!AE21+'III-E Grandparents'!AE22-'III-E Grandparents'!AE8-'III-E Grandparents'!AE10-'III-E Grandparents'!AE13-'Title III-E'!AC6))
A9: Title III-B Preparation and Administration | F9: Title III-E Categories
A10: Spending (10% or less) | C10: =IF(('Title III'!AM6+'Title III'!AM7+'Title III'!AM8)=0," ",('Title III'!AM6+'Title III'!AM7+'Title III'!AM8)) | D10: =IF(('Title III'!AM6+'Title III'!AM7+'Title III'!AM8)=0," ",('Title III'!AM6+'Title III'!AM7+'Title III'!AM8)/('Title III'!AN6+'Title III'!AN7+'Title III'!AN8+'Title III'!AN9)) | F10: Respite Services | G10: ='Title III-E'!J6+'Title III-E'!K6+'Title III-E'!L6+'Title III-E'!M6+'Title III-E'!N6+'III-E Grandparents'!J6+'III-E Grandparents'!K6+'III-E Grandparents'!L6+'III-E Grandparents'!M6+'III-E Grandparents'!N6 -> 0
A11: Federal Share (75% or less) | C11: =IF(('Title III'!AM6+'Title III'!AM7+'Title III'!AM8)=0," ",('Title III'!AM6+'Title III'!AM7+'Title III'!AM8)) | D11: =IF(('Title III'!AM6+'Title III'!AM7+'Title III'!AM8)=0," ",('Title III'!AM6+'Title III'!AM7+'Title III'!AM8)/('Title III'!AM30+'Title III'!AM31-'Title III'!AM18)) | F11: Supplemental Services | G11: ='Title III-E'!O6+'Title III-E'!P6+'Title III-E'!Q6+'Title III-E'!R6+'Title III-E'!S6+'Title III-E'!T6+'Title III-E'!U6+'Title III-E'!V6+'Title III-E'!W6+'Title III-E'!X6+'Title III-E'!Y6+'Title III-E'!Z6+'Title III-E'!AA6+'Title III-E'!AB6+'III-E Grandparents'!O6+'III-E Grandparents'!P6+'III-E Grandparents'!Q6+'III-E Grandparents'!R6+'III-E Grandparents'!S6+'III-E Grandparents'!T6+'III-E Grandparents'!U6+'III-E Grandparents'!V6+'III-E Grandparents'!W6+'III-E Grandparents'!X6+'III-E Grandparents'!Y6+'III-E Grandparents'!Z6+'III-E Grandparents'!AA6+'III-E Grandparents'!AB6 -> 0
A12: Non-Federal Share (25% or more) | C12: =IF(('Title III'!AM14+'Title III'!AM21+'Title III'!AM31)=0," ",('Title III'!AM14+'Title III'!AM21+'Title III'!AM31)) | D12: =IF(('Title III'!AM14+'Title III'!AM21+'Title III'!AM31)=0," ",('Title III'!AM14+'Title III'!AM21+'Title III'!AM31)/('Title III'!AM30+'Title III'!AM31-'Title III'!AM18))
A14: Title III and Title III-E Preparation and Administration using OAA General Fund (5% or less)
C15: =IF('Title III'!AM21+'Title III-E'!AC15<=0," ",('Title III'!AM21+'Title III-E'!AC15)) | D15: =IF('Title III'!AM21+'Title III-E'!AC15<=0," ",('Title III'!AM21+'Title III-E'!AC15)/('Title III'!AN21+'Title III-E'!AD15)) | F15: Funds Spent on Grandparents | G15: ='III-E Grandparents'!AC6 -> 0
F16: % Spent on Grandparents (10% or less) | G16: =IF('III-E Grandparents'!AE6=0," ",'III-E Grandparents'!AC6/'III-E Grandparents'!AE6)
A17: FY 2019 Title III-B Expenditures in the LTC Ombudsman Program Comparison | C17: Current YR Diff | D17: YR 2019
C18: ='Title III'!AL6-D18 -> 0 | D18: =IF($F1=1,Summary!F55,IF($F1=2,Summary!F56,IF($F1=3,Summary!F57,IF($F1=4,Summary!F58,IF($F1=5,Summary!F59,IF($F1=6,Summary!F60,IF($F1=7,Summary!F61,IF($F1="8A",Summary!F62,IF($F1="8B",Summary!F63,IF($F1="8C",Summary!F64,IF($F1="8D",Summary!F65,IF($F1="8E",Summary!F66,IF($F1=9,Summary!F67,IF($F1=10,Summary!F68,IF($F1=11,Summary!F69,IF($F1=12,Summary!F70,IF($F1=13,Summary!F71,IF($F1=14,Summary!F72,IF($F1=15,Summary!F73,IF($F1=16,Summary!F74,IF($F1="17/18",Summary!F75,IF($F1=19,Summary!F76,IF($F1=20,Summary!F77,IF($F1=21,Summary!F78,IF($F1=22,Summary!F79,"0"))))))))))))))))))))))))) -> 0
F19: Enter Title III-B general fund expenditures used to match non OAA funds or used for services under a non OAA allowed sliding fee scale.
A20: Title III-B Services
A21: Federal Share (85% or less) | C21: =IF(('Title III'!AN6-'Title III'!AM6-'Title III'!AL6)=0," ",('Title III'!AN6-'Title III'!AM6-'Title III'!AL6)) | D21: =IF(('Title III'!AN6-'Title III'!J6-'Title III'!U6-'Title III'!V6-'Title III'!W6-'Title III'!AK6-'Title III'!AL6-'Title III'!AM6)=0," ",('Title III'!AN6-'Title III'!J6-'Title III'!U6-'Title III'!V6-'Title III'!W6-'Title III'!AK6-'Title III'!AL6-'Title III'!AM6)/('Title III'!AN6+'Title III'!AN14+'Title III'!AN21+'Title III'!AN22+'Title III'!AN23+'Title III'!AN26+'Title III'!AN31-'Title III'!I14-'Title III'!I26-'Title III'!I31-'Title III'!J6-'Title III'!J14-'Title III'!J21-'Title III'!J26-'Title III'!J31-'Title III'!K14-'Title III'!K26-'Title III'!K31-'Title III'!P14-'Title III'!P21-'Title III'!P31-'Title III'!Q14-'Title III'!Q21-'Title III'!Q31-'Title III'!R14-'Title III'!R21-'Title III'!R31-'Title III'!S14-'Title III'!S21-'Title III'!S31-'Title III'!T14-'Title III'!T21-'Title III'!T31-'Title III'!U6-'Title III'!U14-'Title III'!U21-'Title III'!U31-'Title III'!V6-'Title III'!V14-'Title III'!V21-'Title III'!V31-'Title III'!W6-'Title III'!W14-'Title III'!W21-'Title III'!W31-'Title III'!AK6-'Title III'!AK14-'Title III'!AK21-'Title III'!AK31-'Title III'!AL6-'Title III'!AL14-'Title III'!AL21-'Title III'!AL31-'Title III'!AM6-'Title III'!AM14-'Title III'!AM21-'Title III'!AM31-G19))
A22: Non-Federal Share plus State Share (15% or more) | C22: =IF(('Title III'!AN14-'Title III'!I14-'Title III'!J14-'Title III'!K14-'Title III'!P14-'Title III'!Q14-'Title III'!R14--'Title III'!S14-'Title III'!T14-'Title III'!U14-'Title III'!V14-'Title III'!W14-'Title III'!AK14-'Title III'!AL14-'Title III'!AM14+'Title III'!AN21-'Title III'!J21-'Title III'!P21-'Title III'!Q21-'Title III'!R21-'Title III'!S21-'Title III'!T21-'Title III'!U21-'Title III'!V21-'Title III'!W21-'Title III'!AK21-'Title III'!AL21-'Title III'!AM21+'Title III'!AN22+'Title III'!AN23+'Title III'!AN31-'Title III'!I31-'Title III'!J31-'Title III'!K31-'Title III'!P31-'Title III'!Q31-'Title III'!R31-'Title III'!S31-'Title III'!T31-'Title III'!U31-'Title III'!V31-'Title III'!W31-'Title III'!AK31-'Title III'!AL31-'Title III'!AM31)=0," ",('Title III'!AN14-'Title III'!I14-'Title III'!J14-'Title III'!K14-'Title III'!P14-'Title III'!Q14-'Title III'!R14-'Title III'!S14-'Title III'!T14-'Title III'!U14-'Title III'!V14-'Title III'!W14-'Title III'!AK14-'Title III'!AL14-'Title III'!AM14+'Title III'!AN21-'Title III'!J21-'Title III'!P21-'Title III'!Q21-'Title III'!R21-'Title III'!S21-'Title III'!T21-'Title III'!U21-'Title III'!V21-'Title III'!W21-'Title III'!AK21-'Title III'!AL21-'Title III'!AM21+'Title III'!AN22+'Title III'!AN23+'Title III'!AN31-'Title III'!I31-'Title III'!J31-'Title III'!K31-'Title III'!P31-'Title III'!Q31-'Title III'!R31-'Title III'!S31-'Title III'!T31-'Title III'!U31-'Title III'!V31-'Title III'!W31-'Title III'!AK31-'Title III'!AL31-'Title III'!AM31-G19)) | D22: =IF(('Title III'!AN14-'Title III'!I14-'Title III'!J14-'Title III'!K14-'Title III'!P14-'Title III'!Q14-'Title III'!R14-'Title III'!S14-'Title III'!T14-'Title III'!U14-'Title III'!V14-'Title III'!W14-'Title III'!AK14-'Title III'!AL14-'Title III'!AM14+'Title III'!AN21-'Title III'!J21-'Title III'!P21-'Title III'!Q21-'Title III'!R21-'Title III'!S21-'Title III'!T21-'Title III'!U21-'Title III'!V21-'Title III'!W21-'Title III'!AK21-'Title III'!AL21-'Title III'!AM21+'Title III'!AN22+'Title III'!AN23+'Title III'!AN31-'Title III'!I31-'Title III'!J31-'Title III'!K31-'Title III'!P31-'Title III'!Q31-'Title III'!R31-'Title III'!S31-'Title III'!T31-'Title III'!U31-'Title III'!V31-'Title III'!W31-'Title III'!AK31-'Title III'!AL31-'Title III'!AM31)=0," ",('Title III'!AN14-'Title III'!I14-'Title III'!J14-'Title III'!K14-'Title III'!P14-'Title III'!Q14-'Title III'!R14-'Title III'!S14-'Title III'!T14-'Title III'!U14-'Title III'!V14-'Title III'!W14-'Title III'!AK14-'Title III'!AL14-'Title III'!AM14+'Title III'!AN21-'Title III'!J21-'Title III'!P21-'Title III'!Q21-'Title III'!R21-'Title III'!S21-'Title III'!T21-'Title III'!U21-'Title III'!V21-'Title III'!W21-'Title III'!AK21-'Title III'!AL21-'Title III'!AM21+'Title III'!AN22+'Title III'!AN23+'Title III'!AN31-'Title III'!I31-'Title III'!J31-'Title III'!K31-'Title III'!P31-'Title III'!Q31-'Title III'!R31-'Title III'!S31-'Title III'!T31-'Title III'!U31-'Title III'!V31-'Title III'!W31-'Title III'!AK31-'Title III'!AL31-'Title III'!AM31)/('Title III'!AN6+'Title III'!AN14+'Title III'!AN21+'Title III'!AN22+'Title III'!AN23+'Title III'!AN26+'Title III'!AN31-'Title III'!I14-'Title III'!I26-'Title III'!I31-'Title III'!J14-'Title III'!J21-'Title III'!J26-'Title III'!J31-'Title III'!K14-'Title III'!K26-'Title III'!K31-'Title III'!P14-'Title III'!P21-'Title III'!P31 -'Title III'!Q14-'Title III'!Q21-'Title III'!Q31-'Title III'!R14-'Title III'!R21-'Title III'!R31-'Title III'!S14-'Title III'!S21-'Title III'!S31-'Title III'!T14-'Title III'!T21-'Title III'!T31-'Title III'!U14-'Title III'!U21-'Title III'!U31-'Title III'!V14-'Title III'!V21-'Title III'!V31-'Title III'!W14-'Title III'!W21-'Title III'!W31-'Title III'!AK14-'Title III'!AK21-'Title III'!AK31-'Title III'!AL14-'Title III'!AL21-'Title III'!AL31-'Title III'!AM6-'Title III'!AM14-'Title III'!AM21-'Title III'!AM31-G19))
A23: State Share (5% or more) | C23: =IF(('Title III'!AN21-'Title III'!I21-'Title III'!J21-'Title III'!K21-'Title III'!P21-'Title III'!Q21-'Title III'!R21-'Title III'!S21-'Title III'!T21-'Title III'!U21-'Title III'!V21-'Title III'!W21-'Title III'!AK21-'Title III'!AL21-'Title III'!AM21+'Title III'!AN22+'Title III'!AN23)=0," ",('Title III'!AN21-'Title III'!I21-'Title III'!J21-'Title III'!K21-'Title III'!P21-'Title III'!Q21-'Title III'!R21-'Title III'!S21-'Title III'!T21-'Title III'!U21-'Title III'!V21-'Title III'!W21-'Title III'!AK21-'Title III'!AL21-'Title III'!AM21+'Title III'!AN22+'Title III'!AN23-G19)) | D23: =IF('Title III'!AN21-'Title III'!I21-'Title III'!J21-'Title III'!K21-'Title III'!P21-'Title III'!Q21-'Title III'!R21-'Title III'!S21-'Title III'!T21-'Title III'!U21-'Title III'!V21-'Title III'!W21-'Title III'!AK21-'Title III'!AL21-'Title III'!AM21+'Title III'!AN22+'Title III'!AN23+'Title III'!AN26-'Title III'!I26-'Title III'!J26-'Title III'!K26=0," ",('Title III'!AN21-'Title III'!I21-'Title III'!J21-'Title III'!K21-'Title III'!P21-'Title III'!Q21-'Title III'!R21-'Title III'!S21-'Title III'!T21-'Title III'!U21-'Title III'!V21-'Title III'!W21-'Title III'!AK21-'Title III'!AL21-'Title III'!AM21+'Title III'!AN22+'Title III'!AN23+'Title III'!AN26-'Title III'!I26-'Title III'!J26-'Title III'!K26-G19)/('Title III'!AN6+'Title III'!AN14+'Title III'!AN21+'Title III'!AN22+'Title III'!AN23+'Title III'!AN26+'Title III'!AN31-'Title III'!I14-'Title III'!I26-'Title III'!I31-'Title III'!J14-'Title III'!J21-'Title III'!J26-'Title III'!J31-'Title III'!K14-'Title III'!K26-'Title III'!K31-'Title III'!P14-'Title III'!P21-'Title III'!P31 -'Title III'!Q14-'Title III'!Q21-'Title III'!Q31-'Title III'!R14-'Title III'!R21-'Title III'!R31-'Title III'!S14-'Title III'!S21-'Title III'!S31-'Title III'!T14-'Title III'!T21-'Title III'!T31-'Title III'!U14-'Title III'!U21-'Title III'!U31-'Title III'!V14-'Title III'!V21-'Title III'!V31-'Title III'!W14-'Title III'!W21-'Title III'!W31-'Title III'!AK14-'Title III'!AK21-'Title III'!AK31-'Title III'!AL14-'Title III'!AL21-'Title III'!AL31-'Title III'!AM6-'Title III'!AM14-'Title III'!AM21-'Title III'!AM31-G19))
F24: Enter Title III-C1 general fund expenditures used to match non OAA funds.
A25: Title III-C1 Services
A26: Federal Share (85% or less) | C26: =IF('Title III'!P7+'Title III'!S7+'Title III'!T7=0," ",('Title III'!P7+'Title III'!S7+'Title III'!T7)) | D26: =IF('Title III'!P7+'Title III'!S7+'Title III'!T7=0," ",('Title III'!P7+'Title III'!S7+'Title III'!T7)/('Title III'!P7+'Title III'!P14+'Title III'!P21+'Title III'!P25+'Title III'!P31+'Title III'!S7+'Title III'!S14+'Title III'!S21+'Title III'!S25+'Title III'!S31+'Title III'!T7+'Title III'!T14+'Title III'!T21+'Title III'!T25+'Title III'!T31-G24))
A27: Non-Federal Share plus State Share (15% or more) | C27: =IF(('Title III'!P14+'Title III'!P21+'Title III'!P25+'Title III'!P31+'Title III'!S14+'Title III'!S21+'Title III'!S25+'Title III'!S31+'Title III'!T14+'Title III'!T21+'Title III'!T25+'Title III'!T31)=0," ",('Title III'!P14+'Title III'!P21+'Title III'!P25+'Title III'!P31+'Title III'!S14+'Title III'!S21+'Title III'!S25+'Title III'!S31+'Title III'!T14+'Title III'!T21+'Title III'!T25+'Title III'!T31-G24)) | D27: =IF(('Title III'!P14+'Title III'!P21+'Title III'!P25+'Title III'!P31+'Title III'!S14+'Title III'!S21+'Title III'!S25+'Title III'!S31+'Title III'!T14+'Title III'!T21+'Title III'!T25+'Title III'!T31)=0," ",('Title III'!P14+'Title III'!P21+'Title III'!P25+'Title III'!P31+'Title III'!S14+'Title III'!S21+'Title III'!S25+'Title III'!S31+'Title III'!T14+'Title III'!T21+'Title III'!T25+'Title III'!T31-G24)/('Title III'!P7+'Title III'!P14+'Title III'!P21+'Title III'!P25+'Title III'!P31+'Title III'!S7+'Title III'!S14+'Title III'!S21+'Title III'!S25+'Title III'!S31+'Title III'!T7+'Title III'!T14+'Title III'!T21+'Title III'!T25+'Title III'!T31-G24))
A28: State Share (5% or more) | C28: =IF(('Title III'!P21+'Title III'!P25+'Title III'!S21+'Title III'!S25+'Title III'!T21+'Title III'!T25)=0," ",('Title III'!P21+'Title III'!P25+'Title III'!S21+'Title III'!S25+'Title III'!T21+'Title III'!T25-G24)) | D28: =IF(('Title III'!P21+'Title III'!P25+'Title III'!S21+'Title III'!S25+'Title III'!T21+'Title III'!T25)=0," ",('Title III'!P21+'Title III'!P25+'Title III'!S21+'Title III'!S25+'Title III'!T21+'Title III'!T25-G24)/( 'Title III'!P7+'Title III'!P14+'Title III'!P21+'Title III'!P25+'Title III'!P31+'Title III'!S7+'Title III'!S14+'Title III'!S21+'Title III'!S25+'Title III'!S31+'Title III'!T7+'Title III'!T14+'Title III'!T21+'Title III'!T25+'Title III'!T31-G24)) | F28: Enter Title III-C2 general fund expenditures used to match non OAA funds.
A30: Title III-C2 Services
A31: Federal Share (85% or less) | C31: =IF('Title III'!Q8+'Title III'!S8+'Title III'!T8=0," ",('Title III'!Q8+'Title III'!S8+'Title III'!T8)) | D31: =IF('Title III'!Q8+'Title III'!S8+'Title III'!T8=0," ",('Title III'!Q8+'Title III'!S8+'Title III'!T8)/('Title III'!Q8+'Title III'!Q14+'Title III'!Q21+'Title III'!Q24+'Title III'!Q25+'Title III'!Q31+'Title III'!S8+'Title III'!S14+'Title III'!S21+'Title III'!S25+'Title III'!S31+'Title III'!T8+'Title III'!T14+'Title III'!T21+'Title III'!T25+'Title III'!T31-G28))
A32: Non-Federal Share plus State Share (15% or more) | C32: =IF(('Title III'!Q14+'Title III'!Q21+'Title III'!Q24+'Title III'!Q25+'Title III'!Q31+'Title III'!S14+'Title III'!S21+'Title III'!S25+'Title III'!S31+'Title III'!T14+'Title III'!T21+'Title III'!T25+'Title III'!T31)=0," ",('Title III'!Q14+'Title III'!Q21+'Title III'!Q24+'Title III'!Q25+'Title III'!Q31+'Title III'!S14+'Title III'!S21+'Title III'!S25+'Title III'!S31+'Title III'!T14+'Title III'!T21+'Title III'!T25+'Title III'!T31-G28)) | D32: =IF(('Title III'!Q14+'Title III'!Q21+'Title III'!Q24+'Title III'!Q25+'Title III'!Q31+'Title III'!S14+'Title III'!S21+'Title III'!S25+'Title III'!S31+'Title III'!T14+'Title III'!T21+'Title III'!T25+'Title III'!T31)=0," ",('Title III'!Q14+'Title III'!Q21+'Title III'!Q24+'Title III'!Q25+'Title III'!Q31+'Title III'!S14+'Title III'!S21+'Title III'!S25+'Title III'!S31+'Title III'!T14+'Title III'!T21+'Title III'!T25+'Title III'!T31-G28)/('Title III'!Q8+'Title III'!Q14+'Title III'!Q21+'Title III'!Q24+'Title III'!Q25+'Title III'!Q31+'Title III'!S8+'Title III'!S14+'Title III'!S21+'Title III'!S25+'Title III'!S31+'Title III'!T8+'Title III'!T14+'Title III'!T21+'Title III'!T25+'Title III'!T31-G28))
A33: State Share (5% or more) | C33: =IF(('Title III'!Q21+'Title III'!Q24+'Title III'!Q25+'Title III'!S21+'Title III'!S25+'Title III'!T21+'Title III'!T25)=0," ",('Title III'!Q21+'Title III'!Q24+'Title III'!Q25+'Title III'!S21+'Title III'!S25+'Title III'!T21+'Title III'!T25-G28)) | D33: =IF(('Title III'!Q21+'Title III'!Q24+'Title III'!Q25+'Title III'!S21+'Title III'!S25+'Title III'!T21+'Title III'!T25)=0," ",('Title III'!Q21+'Title III'!Q24+'Title III'!Q25+'Title III'!S21+'Title III'!S25+'Title III'!T21+'Title III'!T25-G28)/('Title III'!Q8+'Title III'!Q14+'Title III'!Q21+'Title III'!Q24+'Title III'!Q25+'Title III'!Q31+'Title III'!S8+'Title III'!S14+'Title III'!S21+'Title III'!S25+'Title III'!S31+'Title III'!T8+'Title III'!T14+'Title III'!T21+'Title III'!T25+'Title III'!T31-G28))
C35: 10/1/26-6/30/27 | D35: 7/1/27 - 9/30/27
A36: State Transfers (40% or less)
A37: Community Based Transfers | C37: =IF(Summary!D14=0,0,-Summary!D14/Summary!D13) -> 0 | D37: =IF(Summary!D16=0,0,-Summary!D16/Summary!D15) -> 0
A38: Transportation Transfers | C38: =IF(Summary!E14=0,0,-Summary!E14/Summary!E13) -> 0 | D38: =IF(Summary!E16=0,0,-Summary!E16/Summary!E15) -> 0
A39: Home Delivered Meal Transfers | C39: =IF(Summary!F14=0,0,-Summary!F14/Summary!F13) -> 0 | D39: =IF(Summary!F16=0,0,-Summary!F16/Summary!F15) -> 0
A40: Total Transfers Equal Zero | C40: =Summary!D14+Summary!E14+Summary!F14 -> 0 | D40: =Summary!D16+Summary!E16+Summary!F16 -> 0 | F40: Undesignated Funds
D41: 10/1/26-9/30/27 | F41: Match Required (Title III-B, C1, C2) | G41: =SUM(Summary!C5:E5)/0.85-SUM(Summary!C5:E5) -> 0
A42: Federal Transfers | F42: Match Met | G42: =SUM('Title III'!AN21:AN25) -> 0
A43: Title III-B (30% or less) | D43: =IF(Summary!C6=0,0,-Summary!C6/Summary!C5) -> 0 | F43: Undesignated Funds | G43: =MAX(G42-G41,0) -> 0
A44: Title III-C(1) (25% or less to C(2), 10% or less to B) | D44: =IF(Summary!D6=0,0,-Summary!D6/Summary!D5) -> 0
A45: Title III-C(2) (25% or less to C(1), 10% or less to B) | D45: =IF(Summary!E6=0,0,-Summary!E6/Summary!E5) -> 0 | F45: Total Undesignated Funds Budgeted to OAA General * | G45: ='Title III'!AN28+'Title III-E'!AD20+'III-E Grandparents'!AC20 -> 0 | H45: **
A46: Total Transfers Equal Zero | D46: =Summary!C6+Summary!D6+Summary!E6 -> 0 | F46: Total Undesignated Funds Budgeted to CCEVP * | G46: ='Title III'!AN29 -> 0
B50: • The allocation of “Undesignated Funds” must be done during the initial budget period at the beginning of the area plan year. • Federal regulations prohibit the movement of Title III-D & E funds, which also restrict the movement of matching state funds. • CCEVP and Ombudsman funds are restricted as well. You cannot reallocate funds from CCEVP or Ombudsman, however you may add undesignated funds to any service. • *All undesignated funds budgeted for a service will be added to the "OAA General" funding source. In the event that "OAA General" is not an available funding source for that service, then the funds will be added to "CCEVP". • **If you are moving Undesignated funds from funding source "OAA General" to "Undesignated OAA General" then a reallocation of funds will not be necessary. The balances that are shown on this line represent amounts that are moving from different funding sources.
A51: =Summary!A30 -> Revised 7/13/2026

Sheet Title III
A1: PSA: | B1: =Summary!H1 -> 0
C2: This row is left available for your internal comments. For example, some agencies use it to indicate internal account numbers.
A3: Planned Expenditures | C3: In-Home Services | H3: Access Services | P3: Nutrition | U3: Disease Prevention | Y3: Other Services | AJ3: Legal | AK3: Elder Rights | AM3: Administration | AN3: Grand Total
A4: Funding Source | C4: Adult Day Care | D4: Checking | E4: Chore | F4: Homemaker | G4: Personal Care | H4: Care / Service Coordination Level 2 | I4: Service Coordination Level 1 | J4: Care Transitions | K4: S.O.S. | L4: Communication Referral & I&A | M4: Options Counseling | N4: Transportation | O4: Assisted Transportation | P4: Congregate Meals | Q4: Home Delivered Meals | R4: State Funded Home Delivered Meals | S4: Nutrition Counseling | T4: Nutrition Education | U4: Other "EB" Disease Prevention | V4: CDSME | W4: Falls Prevention | X4: Health Education Screening | Y4: Assistive Technology/ DME / PERS - Devices | Z4: Assistive Technology/ DME / PERS - Payments | AA4: Consumable Supplies | AB4: Emergency | AC4: Employment | AD4: Medication Management | AE4: Money Management | AF4: Outreach/ Public Information/ Education | AG4: Residential Repair & Renovation | AH4: Socialization & Recreation | AI4: Volunteer Programs | AJ4: Legal Assistance | AK4: Elder Abuse Prevention | AL4: Local LTC Ombudsman | AM4: Preparation & Administration | AN4: Total
A5: Older Americans Act
B6: Title III-B | AN6: =SUM(C6:AM6) -> 0
B7: Title III-C(1) | AN7: =SUM(C7:AM7) -> 0
B8: Title III-C(2) | AN8: =SUM(C8:AM8) -> 0
B9: Title III-D | AN9: =SUM(C9:AM9) -> 0
B10: Title VII - Ombudsman | AN10: =SUM(C10:AM10) -> 0
B11: Title VII - Elder Abuse | AN11: =SUM(C11:AM11) -> 0
A12: Other Funds
B13: Voluntary Contributions | AN13: =SUM(C13:AM13) -> 0
B14: Other Non-Federal | AN14: =SUM(C14:AM14) -> 0
B15: Cost Share | AN15: =SUM(C15:AM15) -> 0
A16: Other Federal
B17: DMAS - Ombudsman | AN17: =SUM(C17:AM17) -> 0
B18: Other Local Federal Funding | AN18: =SUM(C18:AM18) -> 0
B19: NSIP | AN19: =SUM(C19:AM19) -> 0
A20: General Funds
B21: OAA General | AN21: =SUM(C21:AM21) -> 0
B22: Community Based | AN22: =SUM(C22:AM22) -> 0
B23: Transportation | AN23: =SUM(C23:AM23) -> 0
B24: Home Delivered Meals | AN24: =SUM(C24:AM24) -> 0
B25: Supplemental Nutrition | AN25: =SUM(C25:AM25) -> 0
B26: CCEVP | AN26: =SUM(C26:AM26) -> 0
B27: Ombudsman | AN27: =SUM(C27:AM27) -> 0
A28: Undesignated Funds to OAA General* | AN28: =SUM(C28:AM28) -> 0
A29: Undesignated Funds to CCEVP* | AN29: =SUM(C29:AM29) -> 0
A30: Total Cash | C30: =SUM(C6:C29) -> 0 | D30: =SUM(D6:D29) -> 0 | E30: =SUM(E6:E29) -> 0 | F30: =SUM(F6:F29) -> 0 | G30: =SUM(G6:G29) -> 0 | H30: =SUM(H6:H29) -> 0 | I30: =SUM(I6:I29) -> 0 | J30: =SUM(J6:J29) -> 0 | ... AM30: =SUM(AM6:AM29) -> 0 | AN30: =SUM(C30:AM30) -> 0
A31: In-Kind Amount | AN31: =SUM(C31:AM31) -> 0
A32: Service Data:
A33: Planned Number of Units
A34: Unit Defined as: | C34: Hours | D34: Contacts | E34: Individual Hours | F34: Individual Hours | G34: Individual Hours | H34: Individual Hours | I34: Individual Hours | J34: Contacts | K34: Referrals | L34: Contacts | M34: Hours | N34: 1-Way Trips | O34: 1-Way Trips | P34: Eligible Meals | Q34: Meals | R34: Non NSIP Meals | S34: Hours | T34: Sessions | U34: Sessions | V34: Sessions | W34: Sessions | X34: Individual Hours | Y34: Devices | Z34: Payments | AA34: Payments | AB34: Contacts | AC34: Individual Hours | AD34: Individual Hours | AE34: Individual Hours | AF34: # of Activities | AG34: Homes Repaired | AH34: Individual Hours | AI34: Individual Hours | AJ34: Individual Hours | AK34: Contacts
A36: Unit Cost | C36: =+IF(C32=0," ",C30/C32) | D36: =+IF(D32=0," ",D30/D32) | E36: =+IF(E32=0," ",E30/E32) | F36: =+IF(F32=0," ",F30/F32) | G36: =+IF(G32=0," ",G30/G32) | H36: =+IF(H32=0," ",H30/H32) | I36: =+IF(I32=0," ",I30/I32) | J36: =+IF(J32=0," ",J30/J32) | ... AK36: =+IF(AK32=0," ",AK30/AK32)
A37: Planned Persons Served
C38: =IF(C30>0,IF(C32,"","Enter Units"),"") | D38: =IF(D30>0,IF(D32,"","Enter Units"),"") | E38: =IF(E30>0,IF(E32,"","Enter Units"),"") | F38: =IF(F30>0,IF(F32,"","Enter Units"),"") | G38: =IF(G30>0,IF(G32,"","Enter Units"),"") | H38: =IF(H30>0,IF(H32,"","Enter Units"),"") | I38: =IF(I30>0,IF(I32,"","Enter Units"),"") | J38: =IF(J30>0,IF(J32,"","Enter Units"),"") | ... AK38: =IF(AK30>0,IF(AK32,"","Enter Units"),"")
C39: =IF(C30>0,IF(C37,"","Enter Persons"),"") | D39: =IF(D30>0,IF(D37,"","Enter Persons"),"") | E39: =IF(E30>0,IF(E37,"","Enter Persons"),"") | F39: =IF(F30>0,IF(F37,"","Enter Persons"),"") | G39: =IF(G30>0,IF(G37,"","Enter Persons"),"") | H39: =IF(H30>0,IF(H37,"","Enter Persons"),"") | I39: =IF(I30>0,IF(I37,"","Enter Persons"),"") | J39: =IF(J30>0,IF(J37,"","Enter Persons"),"") | ... AE39: =IF(AE30>0,IF(AE37,"","Enter Persons"),"") | AG39: =IF(AG30>0,IF(AG37,"","Enter Persons"),"") | AH39: =IF(AH30>0,IF(AH37,"","Enter Persons"),"") | AI39: =IF(AI30>0,IF(AI37,"","Enter Persons"),"") | AJ39: =IF(AJ30>0,IF(AJ37,"","Enter Persons"),"") | AK39: =IF(AK30>0,IF(AK37,"","Enter Persons"),"")
A40: *All undesignated funds budgeted for a service will be added to the "OAA General" funding source. In the event that "OAA General" is not an available funding source for that service, then the funds will be added to "CCEVP". | U40: =IF(U31>0,IF(U38,"","Enter Persons"),"") | Y40: =IF(Y31>0,IF(Y38,"","Enter Persons"),"") | AC40: =IF(AC31>0,IF(AC38,"","Enter Persons"),"")
A42: =Summary!A30 -> Revised 7/13/2026

Sheet Title III-E
A1: PSA: | B1: =Summary!H1 -> 0
A3: Planned Expenditures | C3: Individual Counseling | D3: Support Groups | E3: Caregiver Training | F3: Care / Service Coordination Level 2 | G3: Information and Assistance | H3: Outreach/ Public Information/ Education | I3: Respite Voucher | J3: Respite Services | O3: Supplemental Services | AC3: Administration | AD3: Total Title III-E
A4: Funding Source | C4: Individual Counseling | D4: Support Groups | E4: Caregiver Training | F4: Care / Service Coordination Level 2 | G4: Communication Referral & I&A | H4: Outreach/ Public Information/ Education | I4: Respite Voucher | J4: Adult Day Care (Out of Home) | K4: Homemaker (In-Home) | L4: Personal Care (In-Home) | M4: Institutional Respite (Out of Home Overnight) | N4: Other | O4: Assistive Technology/ DME / PERS - Devices | P4: Assistive Technology/ DME / PERS - Payments | Q4: Chore | R4: Consumable Supplies | S4: Financial Consultation | T4: Congregate Meals | U4: Home Delivered Meals | V4: Homemaker | W4: Personal Care | X4: Residential Repair & Renovation | Y4: Transportation | Z4: Assisted Transportation | AA4: Direct Payments | AB4: Other Supplemental Services | AC4: Preparation & Administration
A5: Older Americans Act
B6: Title III-E | AD6: =SUM(C6:AC6) -> 0
A7: Other Funds
B8: Voluntary Contributions | AD8: =SUM(C8:AC8) -> 0
B9: Other Non-Federal | AD9: =SUM(C9:AC9) -> 0
B10: Cost Share | AD10: =SUM(C10:AC10) -> 0
A11: Other Federal
B12: Other Local Federal Funding | AD12: =SUM(C12:AC12) -> 0
B13: NSIP | AD13: =SUM(C13:AC13) -> 0
A14: General Funds
B15: OAA General | AD15: =SUM(C15:AC15) -> 0
B16: Community Based | AD16: =SUM(C16:AC16) -> 0
B17: Transportation | AD17: =SUM(C17:AC17) -> 0
B18: Home Delivered Meals | AD18: =SUM(C18:AC18) -> 0
B19: Supplemental Nutrition | AD19: =SUM(C19:AC19) -> 0
A20: Undesignated Funds to OAA General * | AD20: =SUM(C20:AC20) -> 0
A21: Total Cash | C21: =SUM(C6:C20) -> 0 | D21: =SUM(D6:D20) -> 0 | E21: =SUM(E6:E20) -> 0 | F21: =SUM(F6:F20) -> 0 | G21: =SUM(G6:G20) -> 0 | H21: =SUM(H6:H20) -> 0 | I21: =SUM(I6:I20) -> 0 | J21: =SUM(J6:J20) -> 0 | ... AD21: =SUM(AD6:AD20) -> 0
A22: In-Kind Amount | AD22: =SUM(C22:AC22) -> 0
A23: Service Data:
A24: Planned Units of Service
A25: Unit Defined as: | C25: Hours | D25: Sessions | E25: Hours | F25: Individual Hours | G25: Contacts | H25: # of Activities | I25: # of Vouchers | J25: Individual Hours | K25: Individual Hours | L25: Individual Hours | M25: Individual Hours | N25: Define Here | O25: Devices | P25: Payments | Q25: Individual Hours | R25: Payments | S25: Individual Hours | T25: Eligible Meals | U25: Meals | V25: Individual Hours | W25: Individual Hours | X25: Homes Repaired | Y25: 1-Way Trips | Z25: 1-Way Trips | AA25: # of Payments | AB25: Define Here
A26: Unit Cost | C26: =IF(C23=0," ",C21/C23) | D26: =IF(D23=0," ",D21/D23) | E26: =IF(E23=0," ",E21/E23) | F26: =IF(F23=0," ",F21/F23) | G26: =IF(G23=0," ",G21/G23) | H26: =IF(H23=0," ",H21/H23) | I26: =IF(I23=0," ",I21/I23) | J26: =IF(J23=0," ",J21/J23) | ... AB26: =IF(AB23=0," ",AB21/AB23)
A27: Planned Persons Served with a Caregiver | H27: Est. Audience Size
A28: Planned Caregivers Served
A29: Planned Number of Caregivers Benefited
A31: *All undesignated funds budgeted for a service will be added to the "OAA General" funding source. In the event that "OAA General" is not an available funding source for that service, then the funds will be added to "CCEVP".
A32: =Summary!A30 -> Revised 7/13/2026

Sheet III-E Grandparents
A1: PSA: | B1: =Summary!H1 -> 0
C2: This row is left available for your internal comments. For example, some agencies use it to indicate internal account numbers.
A3: Planned Expenditures | C3: Individual Counseling | D3: Support Groups | E3: Caregiver Training | F3: Care / Service Coordination Level 2 | G3: Information and Assistance | H3: Outreach / Public Information/ Education | I3: Respite Voucher | J3: Respite Services | O3: Supplemental Services | AC3: Total Relative Caregiver | AE3: GRAND TOTAL TITLE III-E
A4: Funding Source | C4: Individual Counseling | D4: Support Groups | E4: Caregiver Training | F4: Care / Service Coordination Level 2 | G4: Communication Referral & I&A | H4: Outreach / Public Information/ Education | I4: Respite Voucher | J4: Adult Day Care (Out of Home) | K4: Homemaker (In-Home) | L4: Personal Care (In-Home) | M4: Institutional Respite (Out of Home Overnight) | N4: Other | O4: Assistive Technology/ DME / PERS - Devices | P4: Assistive Technology/ DME / PERS - Payments | Q4: Chore | R4: Consumable Supplies | S4: Financial Consultation | T4: Congregate Meals | U4: Home Delivered Meals | V4: Homemaker | W4: Personal Care | X4: Residential Repair & Renovation | Y4: Transportation | Z4: Assisted Transportation | AA4: Direct Payments | AB4: Other Supplemental Services
A5: Older Americans Act
B6: Title III-E | AC6: =SUM(C6:AB6) -> 0 | AE6: ='Title III-E'!AD6+'III-E Grandparents'!AC6 -> 0
A7: Other Funds
B8: Voluntary Contributions | AC8: =SUM(C8:AB8) -> 0 | AE8: ='Title III-E'!AD8+'III-E Grandparents'!AC8 -> 0
B9: Other Non-Federal | AC9: =SUM(C9:AB9) -> 0 | AE9: ='Title III-E'!AD9+'III-E Grandparents'!AC9 -> 0
B10: Cost Share | AC10: =SUM(C10:AB10) -> 0 | AE10: ='Title III-E'!AD10+'III-E Grandparents'!AC10 -> 0
A11: Other Federal
B12: Other Local Federal Funding | AC12: =SUM(C12:AB12) -> 0 | AE12: ='Title III-E'!AD12+'III-E Grandparents'!AC12 -> 0
B13: NSIP | AC13: =SUM(C13:AB13) -> 0 | AE13: ='Title III-E'!AD13+'III-E Grandparents'!AC13 -> 0
A14: General Funds
B15: OAA General | AC15: =SUM(C15:AB15) -> 0 | AE15: ='Title III-E'!AD15+'III-E Grandparents'!AC15 -> 0
B16: Community Based | AC16: =SUM(C16:AB16) -> 0 | AE16: ='Title III-E'!AD16+'III-E Grandparents'!AC16 -> 0
B17: Transportation | AC17: =SUM(C17:AB17) -> 0 | AE17: ='Title III-E'!AD17+'III-E Grandparents'!AC17 -> 0
B18: Home Delivered Meals | AC18: =SUM(C18:AB18) -> 0 | AE18: ='Title III-E'!AD18+'III-E Grandparents'!AC18 -> 0
B19: Supplemental Nutrition | AC19: =SUM(C19:AB19) -> 0 | AD19: =SUM(C19:AC19) -> 0 | AE19: ='Title III-E'!AD19+'III-E Grandparents'!AC19 -> 0
A20: Undesignated Funds to OAA General* | AC20: =SUM(C20:AB20) -> 0 | AE20: ='Title III-E'!AD20+'III-E Grandparents'!AC20 -> 0
A21: Total Cash | C21: =SUM(C6:C20) -> 0 | D21: =SUM(D6:D20) -> 0 | E21: =SUM(E6:E20) -> 0 | F21: =SUM(F6:F20) -> 0 | G21: =SUM(G6:G20) -> 0 | H21: =SUM(H6:H20) -> 0 | I21: =SUM(I6:I20) -> 0 | J21: =SUM(J6:J20) -> 0 | ... AC21: =SUM(AC6:AC20) -> 0 | AE21: ='Title III-E'!AD21+'III-E Grandparents'!AC21 -> 0
A22: In-Kind Amount | AC22: =SUM(C22:AB22) -> 0 | AE22: ='Title III-E'!AD22+'III-E Grandparents'!AC22 -> 0
A23: Service Data:
A24: Planned Units of Service
A25: Unit Defined as: | C25: Hours | D25: Sessions | E25: Hours | F25: Individual Hours | G25: Contacts | H25: # of Activities | I25: # of Vouchers | J25: Individual Hours | K25: Individual Hours | L25: Individual Hours | M25: Individual Hours | N25: Define Here | O25: Devices | P25: Payments | Q25: Individual Hours | R25: Payments | S25: Individual Hours | T25: Eligible Meals | U25: Meals | V25: Individual Hours | W25: Individual Hours | X25: Homes Repaired | Y25: 1-Way Trips | Z25: 1-Way Trips | AA25: # of Payments | AB25: Define Here
A26: Unit Cost | C26: =IF(C23=0," ",C21/C23) | D26: =IF(D23=0," ",D21/D23) | E26: =IF(E23=0," ",E21/E23) | F26: =IF(F23=0," ",F21/F23) | G26: =IF(G23=0," ",G21/G23) | H26: =IF(H23=0," ",H21/H23) | I26: =IF(I23=0," ",I21/I23) | J26: =IF(J23=0," ",J21/J23) | ... AB26: =IF(AB23=0," ",AB21/AB23)
A27: Planned Persons Served with a Caregiver | H27: Est. Audience Size
A28: Planned Caregivers Served
A29: Planned Number of Caregivers Benefited
A31: *All undesignated funds budgeted for a service will be added to the "OAA General" funding source. In the event that "OAA General" is not an available funding source for that service, then the funds will be added to "CCEVP".
A32: =Summary!A30 -> Revised 7/13/2026

Sheet Respite
A1: Agency: | B1: =Summary!B1 -> 0
C3: Proposed Spending
C4: Respite Care Initiative Grant | D4: Client Fees | E4: Other (Specify) | F4: Other (Specify) | G4: Other (Specify) | H4: General Fund Community Based | I4: Total
A6: Personnel Expenses:
A7: Salaries (Supervisory and Support Staff) | I7: =SUM(C7:H7) -> 0
A8: Wages (Respite Provider Staff) | I8: =SUM(C8:H8) -> 0
A9: Fringe Benefits (FICA, WC, Health, etc.) | I9: =SUM(C9:H9) -> 0
A10: Total Personnel Services | C10: =SUM(C7:C9) -> 0 | D10: =SUM(D7:D9) -> 0 | E10: =SUM(E7:E9) -> 0 | F10: =SUM(F7:F9) -> 0 | G10: =SUM(G7:G9) -> 0 | H10: =SUM(H7:H9) -> 0 | I10: =SUM(I7:I9) -> 0
A11: Non-Personnel:
A12: Contractual Services (Direct Service Providers) | I12: =SUM(C12:H12) -> 0
A13: Supplies and Materials | I13: =SUM(C13:H13) -> 0
A14: Continuous Charges (Insurance, Rent, Maintenance, etc.) | I14: =SUM(C14:H14) -> 0
A15: Other (Identify) | I15: =SUM(C15:H15) -> 0
A16: Total Non-Personnel | C16: =SUM(C12:C15) -> 0 | D16: =SUM(D12:D15) -> 0 | E16: =SUM(E12:E15) -> 0 | F16: =SUM(F12:F15) -> 0 | G16: =SUM(G12:G15) -> 0 | H16: =SUM(H12:H15) -> 0 | I16: =SUM(I12:I15) -> 0
A17: In Kind Other (Identify) | I17: =SUM(C17:H17) -> 0
A18: Total | C18: =+C10+C16+C17 -> 0 | D18: =+D10+D16+D17 -> 0 | E18: =+E10+E16+E17 -> 0 | F18: =+F10+F16+F17 -> 0 | G18: =+G10+G16+G17 -> 0 | H18: =+H10+H16+H17 -> 0 | I18: =+I10+I16+I17 -> 0
A20: Spending Requirements | D20: Agency Status
A21: Respite Care Grant - no more than 55% | D21: =IF(I18=0," ",C18/I18)
A22: Matching Funds - at least 45% | D22: =IF(I18=0," ",(D18+E18+F18+G18+H18)/I18)
A23: In-Kind Matching Funds – no more than 20% | D23: =IF(I18=0," ",(I17)/I18)
A25: =Summary!A30 -> Revised 7/13/2026

Sheet FEDERAL
A1: DEPARTMENT FOR AGING AND REHABILITATIVE SERVICES
A2: FY 2027 Federal Funding Allocations
B5: |-------------------------------------------- TITLE III --------------------------------------------| | G5: |------------ TITLE VII ------------|
A6: PSA | B6: B- Supportive Services | C6: C(1) - Congregate Meals | D6: C(2) - Home Delivered Meals | E6: D - Preventive Health | F6: E - Family Caregiver | G6: Elder Abuse | H6: Ombudsman | I6: PSA
A7: 1 | B7: 308249.28 | C7: 167753.48 | D7: 266730.04 | E7: 14580.916 | F7: 107491.24 | G7: 2457.3888 | H7: 12467.481 | I7: 1
A8: 2 | B8: 380345.95 | C8: 206978 | D8: 329305.81 | E8: 29694.938 | F8: 132635.09 | G8: 3028.8544 | H8: 12402.121 | I8: 2
A9: 3 | B9: 591560.73 | C9: 321905.05 | D9: 512000.76 | E9: 35041.324 | F9: 206326.35 | G9: 4712.488 | H9: 20002.569 | I9: 3
A10: 4 | B10: 276935.51 | C10: 150710.8 | D10: 239742.86 | E10: 11848.395 | F10: 96565.594 | G10: 2205.9408 | H10: 14204.193 | I10: 4
A11: 5 | B11: 546612.19 | C11: 297441.13 | D11: 473108.62 | E11: 23021.766 | F11: 190685 | G11: 4352.024 | H11: 30436.845 | I11: 5
A12: 6 | B12: 524268.77 | C12: 285307.23 | D12: 453732.1 | E12: 9468.6741 | F12: 182823.22 | G12: 4177.72 | H12: 25945.671 | I12: 6
A13: 7 | B13: 416463.22 | C13: 226630.92 | D13: 360641.67 | E13: 13057.699 | F13: 145239.02 | G13: 3313.8384 | H13: 20646.833 | I13: 7
A14: 8A | B14: 157487.03 | C14: 85711.683 | D14: 136357.74 | E14: 13454.626 | F14: 54914.158 | G14: 1252.6464 | I14: 8A
A15: 8B | B15: 230685.14 | C15: 125539.32 | D15: 199747.39 | E15: 18997.129 | F15: 80446.851 | G15: 1835.1856 | I15: 8B
A16: 8C | B16: 954471.54 | C16: 519316.69 | D16: 826434.02 | E16: 2000 | F16: 333165.4 | G16: 7583.0656 | H16: 70502.621 | I16: 8C
A17: 8D | B17: 207606.97 | C17: 112946.89 | D17: 179824.05 | E17: 2000 | F17: 72480.331 | G17: 1647.1696 | I17: 8D
A18: 8E | B18: 351826.85 | C18: 191391.1 | D18: 304702.38 | E18: 2000 | F18: 122852.7 | G18: 2793.2192 | H18: 20105.278 | I18: 8E
A19: 9 | B19: 302058.2 | C19: 164365.72 | D19: 261511.92 | E19: 17545.615 | F19: 105353.21 | G19: 2405.0048 | H19: 14694.394 | I19: 9
A20: 10 | B20: 428024.94 | C20: 232870.55 | D20: 370577.61 | E20: 28378.434 | F20: 149375.99 | G20: 3405.1344 | H20: 23009.134 | I20: 10
A21: 11 | B21: 420974.64 | C21: 229081.09 | D21: 364232.86 | E21: 16495.225 | F21: 146854.84 | G21: 3355.1136 | H21: 23700.084 | I21: 11
A22: 12 | B22: 835959.73 | C22: 454908.89 | D22: 723551.72 | E22: 63881.32 | F22: 291588.22 | G22: 6655.8576 | H22: 17574.908 | I22: 12
A23: 13 | B23: 339399.75 | C23: 184719.53 | D23: 293732.02 | E23: 26710.017 | F23: 118322.49 | G23: 2705.5152 | H23: 13966.095 | I23: 13
A24: 14 | B24: 414857.25 | C24: 225761.87 | D24: 359192.9 | E24: 26309.488 | F24: 144640.4 | G24: 3304.2688 | H24: 13373.186 | I24: 14
A25: 15 | B25: 1458662.2 | C25: 793682.81 | D25: 1262818.2 | E25: 36224.037 | F25: 508954.88 | G25: 11603.659 | H25: 55619.163 | I25: 15
A26: 16 | B26: 380043.22 | C26: 206774.32 | D26: 329081.27 | E26: 24109.285 | F26: 132618 | G26: 3022.3728 | H26: 18700.035 | I26: 16
A27: 17/18 | B27: 500113.19 | C27: 272132.28 | D27: 433115.49 | E27: 35083.954 | F27: 174385.91 | G27: 3983.6592 | H27: 94179.398 | I27: 17/18
A28: 19 | B28: 411800.95 | C28: 224090.73 | D28: 356425.94 | E28: 23016.24 | F28: 143615.92 | G28: 3280.8048 | H28: 17700.959 | I28: 19
A29: 20 | B29: 1495955.4 | C29: 814066.66 | D29: 1294234.3 | E29: 98694.989 | F29: 521897.17 | G29: 11915.288 | I29: 20
A30: 21 | B30: 748233.34 | C30: 407158.73 | D30: 647954.32 | E30: 45596.469 | F30: 260971.24 | G30: 5952.208 | I30: 21
A31: 22 | B31: 204897.92 | C31: 111512.87 | D31: 177222.26 | E31: 17153.459 | F31: 71449.578 | G31: 1634.6144 | H31: 10642.067 | I31: 22
A32: TOTAL | B32: =SUM(B7:B31) -> 12887494 | C32: =SUM(C7:C31) -> 7012758.3 | D32: =SUM(D7:D31) -> 11155978 | E32: =SUM(E7:E31) -> 634364 | F32: =SUM(F7:F31) -> 4495652.8 | G32: =SUM(G7:G31) -> 102583.04 | H32: =SUM(H7:H31) -> 529873.04 | I32: TOTAL
A35: TB
A36: 46156

Sheet GENERAL 3-4
A1: DEPARTMENT FOR AGING AND REHABILITATIVE SERVICES
A2: State General Funds
A3: October 1, 2026 - June 30, 2027
A5: PSA | B5: OAA General | C5: Community Based Services | D5: Transportation | E5: Home Delivered Meals | F5: Supp Nutrition | G5: CCEVP | H5: Ombudsman | I5: PSA
A7: 1 | B7: 144815.3 | C7: 70947.47 | D7: 25697.237 | E7: 90596.342 | F7: 22015.624 | G7: 62469.859 | H7: 24608.525 | I7: 1
A8: 2 | B8: 193507.72 | C8: 87493.674 | D8: 31692.134 | E8: 111736.26 | F8: 27209.968 | G8: 93657.538 | H8: 24573.881 | I8: 2
A9: 3 | B9: 275501.62 | C9: 136123.09 | D9: 49305.723 | E9: 173836.25 | F9: 42299.973 | G9: 78068.424 | H9: 28602.581 | I9: 3
A10: 4 | B10: 137194.88 | C10: 63702.179 | D10: 23074.12 | E10: 81353.029 | F10: 19810.04 | G10: 47737.994 | H10: 25529.088 | I10: 4
A11: 5 | B11: 244450.5 | C11: 125734.87 | D11: 45545.426 | E11: 160582.72 | F11: 39151.395 | G11: 46074.12 | H11: 34133.384 | I11: 5
A12: 6 | B12: 244640.32 | C12: 120645.3 | D12: 43698.178 | E12: 154064.53 | F12: 37464.01 | G12: 49478.142 | H12: 31752.788 | I12: 6
A13: 7 | B13: 195333.72 | C13: 95754.501 | D13: 34686.766 | E13: 122297.45 | F13: 29841.141 | G13: 43367.25 | H13: 28944.08 | I13: 7
A14: 8A | B14: 81010.577 | C14: 36204.494 | D14: 13114.862 | E14: 46243.688 | F14: 11286.189 | G14: 43367.25 | H14: 0 | I14: 8A
A15: 8B | B15: 104825.51 | C15: 53033.467 | D15: 19211.933 | E15: 67734.734 | F15: 16533.258 | G15: 43367.25 | H15: 0 | I15: 8B
A16: 8C | B16: 444486.97 | C16: 219325.43 | D16: 79463.571 | E16: 280185.57 | F16: 68700.752 | G16: 208641.69 | H16: 70370.688 | I16: 8C
A17: 8D | B17: 89174.532 | C17: 47671.499 | D17: 17273.133 | E17: 60908.181 | F17: 14980.171 | G17: 43367.25 | H17: 0 | I17: 8D
A18: 8E | B18: 149031.54 | C18: 80822.462 | D18: 29285.098 | E18: 103258.78 | F18: 25367.238 | G18: 43367.25 | H18: 28657.023 | I18: 8E
A19: 9 | B19: 137147.77 | C19: 69478.197 | D19: 25167.76 | E19: 88732.451 | F19: 21624.178 | G19: 49058.293 | H19: 25788.925 | I19: 9
A20: 10 | B20: 182423.7 | C20: 98420.974 | D20: 35654.558 | E20: 125713.36 | F20: 30722.045 | G20: 46660.694 | H20: 30196.244 | I20: 10
A21: 11 | B21: 207466.37 | C21: 96894.973 | D21: 35095.638 | E21: 123737.14 | F21: 30099.258 | G21: 43367.25 | H21: 30562.49 | I21: 11
A22: 12 | B22: 368786.67 | C22: 192281.31 | D22: 69650.571 | E22: 245571.54 | F22: 59864.451 | G22: 43367.25 | H22: 27315.773 | I22: 12
A23: 13 | B23: 172707.76 | C23: 78111.064 | D23: 28291.394 | E23: 99743.917 | F23: 24227.459 | G23: 43367.25 | H23: 25402.882 | I23: 13
A24: 14 | B24: 198434.51 | C24: 95444.827 | D24: 34570.512 | E24: 121885.14 | F24: 29645.69 | G24: 43367.25 | H24: 25088.604 | I24: 14
A25: 15 | B25: 645028.67 | C25: 335384.17 | D25: 121497.98 | E25: 428380.83 | F25: 104671.5 | G25: 43367.25 | H25: 47481.548 | I25: 15
A26: 16 | B26: 162911.7 | C26: 87365.133 | D26: 31650.184 | E26: 111595.16 | F26: 27292.256 | G26: 43367.25 | H26: 27912.159 | I26: 16
A27: 17/18 | B27: 224961.02 | C27: 115048.56 | D27: 41672.851 | E27: 146923.02 | F27: 35756.819 | G27: 92398.664 | H27: 67920.824 | I27: 17/18
A28: 19 | B28: 187226.56 | C28: 94760.821 | D28: 34323.637 | E28: 121011.42 | F28: 29435.579 | G28: 43367.25 | H28: 27382.588 | I28: 19
A29: 20 | B29: 662485.31 | C29: 344207.91 | D29: 124681.48 | E29: 439589.91 | F29: 107089.13 | G29: 90633.54 | H29: 0 | I29: 20
A30: 21 | B30: 338048.28 | C30: 172016.82 | D30: 62313.406 | E30: 219707.66 | F30: 53647.518 | G30: 77063.349 | H30: 0 | I30: 21
A31: 22 | B31: 90596.1 | C31: 47178.526 | D31: 17087.082 | E31: 60241.92 | F31: 14616.224 | G31: 43369.312 | H31: 23640.944 | I31: 22
A32: TOTAL | B32: =SUM(B7:B31) -> 5882197.6 | C32: =SUM(C7:C31) -> 2964051.7 | D32: =SUM(D7:D31) -> 1073705.2 | E32: =SUM(E7:E31) -> 3785631 | F32: =SUM(F7:F31) -> 923351.87 | G32: =SUM(G7:G31) -> 1505718.6 | H32: =SUM(H7:H31) -> 655865.02 | I32: TOTAL
A34: - Community Based Services - Homemaker, personal care, adult day care, checking and chore.
A35: - OAA General - all services with a limit of 5% for preparation and administration.
A36: - Agencies may transfer up to 40% of their funding for a category between categories except for OAA General, Supp Nutrition, CCEVP, and Ombudsman.
A37: - Additional $700,000 to cover losses and Additional $2,500,000 Appropriations added to OAA General for SFY2027.
A38: - Additional $375,000 Base added to GF Ombudsman for SFY2027.
A39: Revised 7/13/2026

Sheet GENERAL 1-4
A1: DEPARTMENT FOR AGING AND REHABILITATIVE SERVICES
A2: State General Funds
A3: July 1, 2027 - September 30, 2027
A5: PSA | B5: OAA General | C5: Community Based Services | D5: Transportation | E5: Home Delivered Meals | F5: Supp Nutrition | G5: CCEVP | H5: Ombudsman | I5: PSA
A7: 1 | B7: 36204.373 | C7: 23649.157 | D7: 8566.1504 | E7: 30198.864 | F7: 7338.976 | G7: 20823.286 | H7: 6702.8496 | I7: 1
A8: 2 | B8: 44501.242 | C8: 29164.624 | D8: 10564.552 | E8: 37244.962 | F8: 9070.488 | G8: 31219.179 | H8: 6691.3013 | I8: 2
A9: 3 | B9: 69642.47 | C9: 45374.8 | D9: 16435.77 | E9: 57945.917 | F9: 14100.066 | G9: 26022.808 | H9: 8034.2063 | I9: 3
A10: 4 | B10: 32536.752 | C10: 21234.134 | D10: 7691.448 | E10: 27117.653 | F10: 6602.848 | G10: 15912.665 | H10: 7009.7051 | I10: 4
A11: 5 | B11: 64466.493 | C11: 41911.677 | D11: 15181.883 | E11: 53528.016 | F11: 13050.486 | G11: 15358.04 | H11: 9877.8137 | I11: 5
A12: 6 | B12: 61611.813 | C12: 40215.078 | D12: 14565.584 | E12: 51354.312 | F12: 12488.003 | G12: 16492.714 | H12: 9084.2789 | I12: 6
A13: 7 | B13: 48971.688 | C13: 31918.242 | D13: 11561.789 | E13: 40765.803 | F13: 9947.0064 | G13: 14455.75 | H13: 8148.0398 | I13: 7
A14: 8A | B14: 18426.41 | C14: 12068.557 | D14: 4372.1536 | E14: 15415.091 | F14: 3761.5216 | G14: 14455.75 | H14: 0 | I14: 8A
A15: 8B | B15: 27179.176 | C15: 17677.315 | D15: 6403.9648 | E15: 22577.757 | F15: 5511.1072 | G15: 14455.75 | H15: 0 | I15: 8B
A16: 8C | B16: 112450 | C16: 73108.912 | D16: 26487.782 | E16: 93394.714 | F16: 22900.709 | G16: 69547.229 | H16: 20706.94 | I16: 8C
A17: 8D | B17: 24649.474 | C17: 15890.01 | D17: 5757.7344 | E17: 20303.061 | F17: 4993.4032 | G17: 14455.75 | H17: 0 | I17: 8D
A18: 8E | B18: 41886.39 | C18: 26940.808 | D18: 9762.2064 | E18: 34419.168 | F18: 8455.2496 | G18: 14455.75 | H18: 8052.3537 | I18: 8E
A19: 9 | B19: 35577.118 | C19: 23159.866 | D19: 8389.352 | E19: 29577.058 | F19: 7207.712 | G19: 16352.764 | H19: 7096.3175 | I19: 9
A20: 10 | B20: 50795.592 | C20: 32807.418 | D20: 11884.853 | E20: 41904.891 | F20: 10241.214 | G20: 15553.565 | H20: 8565.4292 | I20: 10
A21: 11 | B21: 49327.965 | C21: 32297.826 | D21: 11698.538 | E21: 41245.299 | F21: 10032.702 | G21: 14455.75 | H21: 8687.5115 | I21: 11
A22: 12 | B22: 98714.475 | C22: 64093.229 | D22: 23217.386 | E22: 81856.683 | F22: 19954.742 | G22: 14455.75 | H22: 7605.2686 | I22: 12
A23: 13 | B23: 39681.808 | C23: 26036.48 | D23: 9429.968 | E23: 33247.981 | F23: 8076.2544 | G23: 14455.75 | H23: 6967.6362 | I23: 13
A24: 14 | B24: 48755.995 | C24: 31815.43 | D24: 11523.131 | E24: 40627.987 | F24: 9881.368 | G24: 14455.75 | H24: 6862.8764 | I24: 14
A25: 15 | B25: 172331.33 | C25: 111794.7 | D25: 40499.373 | E25: 142793.1 | F25: 34890.469 | G25: 14455.75 | H25: 14327.218 | I25: 15
A26: 16 | B26: 45055.533 | C26: 29122.261 | D26: 10549.603 | E26: 37198.23 | F26: 9096.952 | G26: 14455.75 | H26: 7804.0647 | I26: 16
A27: 17/18 | B27: 58921.725 | C27: 38350.042 | D27: 13891.058 | E27: 48974.776 | F27: 11918.526 | G27: 30799.555 | H27: 21140.334 | I27: 17/18
A28: 19 | B28: 48475.902 | C28: 31587.482 | D28: 11440.714 | E28: 40336.634 | F28: 9811.3632 | G28: 14455.75 | H28: 7627.5404 | I28: 19
A29: 20 | B29: 176542.79 | C29: 114735.98 | D29: 41560.461 | E29: 146530.46 | F29: 35696.323 | G29: 30211.18 | H29: 0 | I29: 20
A30: 21 | B30: 88202.442 | C30: 57338.526 | D30: 20771.701 | E30: 73235.931 | F30: 17882.568 | G30: 25687.783 | H30: 0 | I30: 21
A31: 22 | B31: 24154.594 | C31: 15725.741 | D31: 5695.2272 | E31: 20080.64 | F31: 4872.096 | G31: 14456.438 | H31: 6380.3215 | I31: 22
A32: TOTAL | B32: =SUM(B7:B31) -> 1519063.6 | C32: =SUM(C7:C31) -> 988018.3 | D32: =SUM(D7:D31) -> 357902.38 | E32: =SUM(E7:E31) -> 1261875 | F32: =SUM(F7:F31) -> 307782.16 | G32: =SUM(G7:G31) -> 501906.21 | H32: =SUM(H7:H31) -> 187372.01 | I32: TOTAL
B33: `
A34: - Community Based Services - Homemaker, personal care, adult day care, checking and chore.
A35: - OAA General - all services with a limit of 5% for preparation and administration.
A36: - Agencies may transfer up to 40% of their funding for a category between categories except for OAA General, Supp Nutrition, CCEVP, and Ombudsman.
A38: TB
A39: Revised 7/13/2026

Sheet NSIP
A1: DEPARTMENT FOR AGING AND REHABILITATIVE SERVICES
A2: Proposed Funding Allocations
A3: Nutrition Services Incentive Program (NSIP)
A4: October 1, 2026 - September 30, 2027
A5: FY'25 Meal Counts
A6: PSA | B6: Congregate Meals Served | C6: Home Delivered Meals Served | D6: Total Meals Served | E6: NSIP Funds
A7: 1 | B7: 6591 | C7: 81283 | D7: 87874 | E7: 39046.483
A8: 2 | B8: 8030 | C8: 92233 | D8: 100263 | E8: 44551.488
A9: 3 | B9: 23031 | C9: 158725 | D9: 181756 | E9: 80762.598
A10: 4 | B10: 4960 | C10: 60593 | D10: 65553 | E10: 29128.23
A11: 5 | B11: 3993 | C11: 95721 | D11: 99714 | E11: 44307.542
A12: 6 | B12: 3069 | C12: 126982 | D12: 130051 | E12: 57787.675
A13: 7 | B13: 27040 | C13: 69213 | D13: 96253 | E13: 42769.66
A14: 8A | B14: 14660 | C14: 36252 | D14: 50912 | E14: 22622.556
A15: 8B | B15: 17306 | C15: 91103 | D15: 108409 | E15: 48171.133
A16: 8C | B16: 181414 | C16: 311482 | D16: 492896 | E16: 219016.49
A17: 8D | B17: 87737.05 | C17: 61481 | D17: 149218.05 | E17: 66304.481
A18: 8E | B18: 32021 | C18: 36165 | D18: 68186 | E18: 30298.194
A19: 9 | B19: 18114 | C19: 35706 | D19: 53820 | E19: 23914.715
A20: 10 | B20: 15556 | C20: 55808 | D20: 71364 | E20: 31710.326
A21: 11 | B21: 3420 | C21: 33689 | D21: 37109 | E21: 16489.245
A22: 12 | B22: 14241 | C22: 98229 | D22: 112470 | E22: 49975.623
A23: 13 | B23: 3948 | C23: 41372 | D23: 45320 | E23: 20137.772
A24: 14 | B24: 3557 | C24: 79065 | D24: 82622 | E24: 36712.776
A25: 15 | B25: 30584 | C25: 181396 | D25: 211980 | E25: 94192.519
A26: 16 | B26: 3768 | C26: 17952 | D26: 21720 | E26: 9651.2006
A27: 17/18 | B27: 7855 | C27: 176691 | D27: 184546 | E27: 82002.324
A28: 19 | B28: 5250 | C28: 40909 | D28: 46159 | E28: 20510.579
A29: 20 | B29: 31455 | C29: 105557 | D29: 137012 | E29: 60880.769
A30: 21 | B30: 10097 | C30: 95888 | D30: 105985 | E30: 47094.038
A31: 22 | B31: 7922 | C31: 14420 | D31: 22342 | E31: 9927.584
A32: Total | B32: =SUM(B7:B31) -> 565619.05 | C32: =SUM(C7:C31) -> 2197915 | D32: =SUM(D7:D31) -> 2763534 | E32: =SUM(E7:E31) -> 1227966
A35: TB
A36: 46156

Sheet DMAS OMB
A1: DEPARTMENT FOR AGING AND REHABILITATIVE SERVICES
A2: FY 2027 DMAS Ombudsman Federal Funding Allocations
B6: PSA | C6: Formula Based on # of Beds | D6: Total DMAS Funding
B7: 1 | C7: 1.102792 | D7: 1268.2108
B8: 2 | C8: 1.0831992 | D8: 1245.6791
B9: 3 | C9: 3.3615562 | D9: 3865.7897
B10: 4 | C10: 1.6233993 | D10: 1866.9092
B11: 5 | C11: 6.4893989 | D11: 7462.8088
B12: 6 | C12: 5.1430971 | D12: 5914.5616
B13: 7 | C13: 3.5546848 | D13: 4087.8875
B14: 8A
B15: 8B
B16: 8C (Incl 8A-8D) | C16: 16.743405 | D16: 19254.916
B17: 8D
B18: 8E | C18: 3.3923448 | D18: 3901.1966
B19: 9 | C19: 1.770345 | D19: 2035.8967
B20: 10 | C20: 4.2628228 | D20: 4902.2462
B21: 11 | C21: 4.4699461 | D21: 5140.438
B22: 12 | C22: 2.6338255 | D22: 3028.8993
B23: 13 | C23: 1.5520258 | D23: 1784.8296
B24: 14 | C24: 1.3742915 | D24: 1580.4352
B25: 15 | C25: 14.038206 | D25: 16143.937
B26: 16 | C26: 2.9711007 | D26: 3416.7658
B27: 17/18 (Incl 20 & 21) | C27: 9.4493038 | D27: 24387.699
B28: 19 | C28: 2.6716115 | D28: 3072.3532
B29: 20 | C29: 11.75705 | D29: -0.39262473
B30: 21
B31: 22 | C31: 0.55559443 | D31: 638.93359
B33: Total | C33: =SUM(C7:C32) -> 100 | D33: =SUM(D7:D32) -> 115000
A35: TB
A36: 46156
